 Dungeon Crawl Stone Soup version 0.22.0 (webtiles) character file.

1234356 Jorund the Conqueror (level 27, -5/370 (373) HPs)
             Began as a Demonspawn Fighter on Aug 8, 2018.
             Was the Champion of Makhleb.
             Killed from afar by a hellion (22 damage)
             ... with damnation
             ... summoned by Asmodeus
             ... on level 7 of Gehenna on Aug 10, 2018.
             The game lasted 06:55:59 (99658 turns).

Jorund the Conqueror (Demonspawn Fighter)          Turns: 99658, Time: 06:56:00

HP:   -5/370 (373)  AC: 64    Str: 32    XL:     27
MP:   50/50         EV: 24    Int: 14    God:    Makhleb [******]
Gold: 4892          SH:  3    Dex: 23    Spells: 18/73 levels left

rFire    + + .     SeeInvis +   L - +9 executioner's axe (freeze)
rCold    + + +     Gourm    .   (shield currently unavailable)
rNeg     + + +     Faith    .   S - +14 crystal plate armour of Midsummer {rCorr Dex+2}
rPois    +         Spirit   .   (helmet unavailable)
rElec    +         Reflect  +   K - +2 cloak "Zifu" {rC+ Str+2 Int-3 Dex+2}
rCorr    +         Harm     .   c - +5 pair of gloves "Rioxass" {rN+ Str+4 Int-5}
MR       +++..     Clarity  +   i - +2 pair of boots {run}
Stlth    ..........             y - +3 amulet of reflection
HPRegen  0.71/turn              I - ring "Ysudiamm" {rPois rF+ rN+ Str+3}
MPRegen  0.32/turn              Y - ring "Doilaely" {rPois rC++ rN+ SInv}

@: mighty, agile, berserking, studying Necromancy, very quick
A: antennae 3, thin metallic scales 3, blink, clarity, demonic guardian 3, fire
resistance 1, hurl damnation, magic resistance 1, mutation resistance 1, powered
by pain 3, screaming 1, strong 1, flame cloud immunity
}: 10/15 runes: barnacled, slimy, silver, abyssal, demonic, glowing, magical,
fiery, dark, gossamer
a: Hurl Damnation, Blink, Minor Destruction, Lesser Servant of Makhleb, Major
Destruction, Greater Servant of Makhleb, Renounce Religion


You were on level 7 of Gehenna.
You worshipped Makhleb.
Makhleb was exalted by your worship.
You were hungry.

You visited 15 branches of the dungeon, and saw 67 of its levels.
You visited Pandemonium 1 time, and saw 27 of its levels.
You visited the Abyss 3 times.
You visited 1 bazaar.
You visited 2 ziggurats (completing 1), and saw 38 of their levels.
You also visited: Bailey and Ice Cave.

You collected 14364 gold pieces.
You spent 9472 gold pieces at shops.

Inventory:

Hand Weapons
 F - a +9 vampiric broad axe
 L - a +9 executioner's axe of freezing (weapon)
 M - a +9 executioner's axe of flaming
Armour
 a - the +1 pair of gloves of Afat Dai {+Inv Str+6}
   (You found it on level 1 of the Elven Halls)

   It affects your strength (+6).
   It lets you turn invisible.
 c - the +5 pair of gloves "Rioxass" (worn) {rN+ Str+4 Int-5}
   (You took it off Nikola on level 3 of the Elven Halls)

   It affects your strength (+4).
   It affects your intelligence (-5).
   It protects you from negative energy.
 i - a +2 pair of boots of running (worn)
 n - the +2 shield of Resistance {rF+ rC+ MR+}
   (You bought it in a shop on level 4 of the Vaults)

   It protects you from fire.
   It protects you from cold.
   It affects your resistance to hostile enchantments.
 q - the +1 pair of boots of Valiance {Int+5 Dex+4}
   (You found it on level 4 of the Depths)

   It affects your intelligence (+5).
   It affects your dexterity (+4).
 K - the +2 cloak "Zifu" (worn) {rC+ Str+2 Int-3 Dex+2}
   (You found it on level 1 of the Spider Nest)

   It affects your strength (+2).
   It affects your intelligence (-3).
   It affects your dexterity (+2).
   It protects you from cold.
 S - the +14 crystal plate armour of Midsummer (worn) {rCorr Dex+2}
   (You found it on level 9 of a ziggurat)

   It affects your dexterity (+2).
   It provides partial protection from all sources of acid and corrosion.
 U - +9 pearl dragon scales
Jewellery
 b - the ring "Ywkuk" {rC+ MP+9 Int+7}
   (You bought it in a shop on level 4 of the Vaults)

   [ring of magical power]

   It affects your intelligence (+7).
   It protects you from cold.
   It affects your magic capacity (+9).
 l - the ring "Zisinauph" {rPois rC+ Int+8 Dex-5}
   (You found it on level 3 of the Depths)

   [ring of protection from cold]

   It affects your intelligence (+8).
   It affects your dexterity (-5).
   It protects you from cold.
   It protects you from poison.
 y - a +3 amulet of reflection (around neck)
 B - the ring of Lekuxo Urodd {+Fly rF++ Str-2 Slay+6}
   (You acquired it in Pandemonium)

   [ring of flight]

   It affects your strength (-2).
   It affects your accuracy and damage with ranged weapons and melee attacks
   (+6).
   It greatly protects you from fire.
   It lets you fly.
 I - the ring "Ysudiamm" (left hand) {rPois rF+ rN+ Str+3}
   (You found it on level 27 of a ziggurat)

   [ring of positive energy]

   It affects your strength (+3).
   It protects you from fire.
   It protects you from poison.
   It protects you from negative energy.
 V - the ring of the Lumpy Blessings {rCorr +Blink Slay+2}
   (You found it on level 5 of the Depths)

   [ring of resist corrosion]

   It affects your accuracy and damage with ranged weapons and melee attacks
   (+2).
   It lets you blink.
 Y - the ring "Doilaely" (right hand) {rPois rC++ rN+ SInv}
   (You found it on level 18 of a ziggurat)

   [ring of positive energy]

   It greatly protects you from cold.
   It protects you from poison.
   It protects you from negative energy.
   It lets you see invisible.
Wands
 H - a wand of iceblast (47)
 P - a wand of scattershot (25)
 Q - a wand of digging (35)
 R - a wand of acid (47)
 X - a wand of clouds (19)
Scrolls
 e - 49 scrolls of teleportation
 j - 2 scrolls of fog
 k - 3 scrolls of summoning
 p - 29 scrolls of amnesia
 r - 5 scrolls of silence
 s - 5 scrolls of identify
 u - 43 scrolls of remove curse
 x - 7 scrolls of blinking
 A - 16 scrolls of magic mapping
 C - 10 scrolls of fear
 W - 12 scrolls of enchant armour
Potions
 d - 11 potions of magic
 g - 30 potions of curing
 h - 9 potions of flight
 m - 22 potions of mutation
 o - 5 potions of resistance
 t - 10 potions of berserk rage
 w - a potion of agility
 z - 8 potions of ambrosia
 G - 5 potions of invisibility
 T - 4 potions of cancellation
Books
 v - a manual of Necromancy
Miscellaneous
 J - a phial of floods
 N - a lamp of fire
Comestibles
 f - 81 rations


   Skills:
 O Level 27 Fighting
 O Level 27 Axes
 - Level 26.2 Armour
 - Level 15.1 Dodging
 - Level 15.0 Shields
 + Level 23.6 Spellcasting
 O Level 27 Conjurations
   Level 10.2 Hexes
 - Level 7.7 Charms
 - Level 5.0 Necromancy
 - Level 9.2 Translocations
 - Level 20.5 Fire Magic
 - Level 2.4 Air Magic
 - Level 3.9 Earth Magic
 - Level 10.0 Invocations
 - Level 13.9 Evocations


You had 18 spell levels left.
You knew the following spells:

 Your Spells              Type           Power        Failure   Level  Hunger
a - Blink                 Tloc           N/A          1%          2    None
b - Swiftness             Chrm/Air       ####....     2%          2    None
c - Regeneration          Chrm/Necr      ####......   2%          3    None
d - Stone Arrow           Conj/Erth      ######       1%          3    None
e - Lesser Beckoning      Tloc           #####.....   1%          3    None
f - Fireball              Conj/Fire      ######....   1%          5    ###....
g - Orb of Destruction    Conj           #######...   1%          7    ######.
h - Iron Shot             Conj/Erth      ######....   3%          6    #####..
i - Ignition              Fire           ######....   19%         8    #######
j - Ring of Flames        Chrm/Fire      ######....   32%         7    ######.
k - Fire Storm            Conj/Fire      ######....   61%         9    #######

Your spell library contained the following spells:

 Spells                   Type           Power        Failure   Level  Hunger
 Cause Fear               Hex            #####.....   1%          4    None
 Magic Dart               Conj           ####         0%          1    None
 Apportation              Tloc           #####.       1%          1    None
 Conjure Flame            Conj/Fire      ######..     0%          3    None
 Bolt of Fire             Conj/Fire      ######....   1%          6    #####..
 Bolt of Cold             Conj/Ice       ######....   8%          6    #####..
 Lightning Bolt           Conj/Air       ######....   1%          5    ###....
 Bolt of Magma            Conj/Fire/Erth ######....   1%          5    ###....
 Slow                     Hex            #####...     1%          2    None
 Confuse                  Hex            #####...     1%          3    None
 Invisibility             Hex            #####...     30%         6    #####..
 Throw Flame              Conj/Fire      ######       0%          2    None
 Throw Frost              Conj/Ice       ######       1%          2    None
 Controlled Blink         Tloc           N/A          100%        8    #######
 Freezing Cloud           Conj/Ice/Air   #####.....   34%         6    #####..
 Mephitic Cloud           Conj/Pois/Air  #####...     1%          3    None
 Venom Bolt               Conj/Pois      ######....   1%          5    ###....
 Olgreb's Toxic Radiance  Pois           ###.....     78%         4    None
 Teleport Other           Tloc           #####...     1%          3    None
 Death's Door             Chrm/Necr      ####......   100%        8    #######
 Summon Small Mammal      Summ           ###.         13%         1    None
 Bolt of Draining         Conj/Necr      ######....   1%          5    ###....
 Lehudib's Crystal Spear  Conj/Erth      ######....   83%         8    #######
 Iskenderun's Mystic Bla  Conj           #######.     0%          4    None
 Summon Horrible Things   Summ           ###.......   100%        8    #######
 Animate Dead             Necr           N/A          17%         4    None
 Pain                     Necr           ####         1%          1    None
 Animate Skeleton         Necr           N/A          1%          1    None
 Vampiric Draining        Necr           ####......   4%          3    None
 Haunt                    Necr/Summ      ###.......   100%        7    ######.
 Borgnjor's Revivificati  Necr           ####......   100%        8    #######
 Freeze                   Ice            ###.         13%         1    None
 Ozocubu's Refrigeration  Ice            ###.......   100%        6    #####..
 Sticky Flame             Conj/Fire      ######..     0%          4    None
 Summon Ice Beast         Ice/Summ       ###.....     78%         4    None
 Ozocubu's Armour         Chrm/Ice       ####....     8%          3    None
 Call Imp                 Summ           ###.....     21%         2    None
 Dispel Undead            Necr           ####....     43%         5    ###....
 Poison Arrow             Conj/Pois      ######....   8%          6    #####..
 Sting                    Conj/Pois      ####         1%          1    None
 Sublimation of Blood     Necr           ####......   2%          2    None
 Tukima's Dance           Hex            #####...     1%          3    None
 Summon Demon             Summ           ###.......   98%         5    ###....
 Summon Greater Demon     Summ           ###.......   100%        7    ######.
 Corpse Rot               Necr           N/A          2%          2    None
 Shock                    Conj/Air       ####         1%          1    None
 Recall                   Summ/Tloc      N/A          6%          3    None
 Agony                    Necr           ####....     43%         5    ###....
 Spider Form              Tmut/Pois      ###.......   36%         3    None
 Blade Hands              Tmut           ###.......   98%         5    ###....
 Statue Form              Tmut/Erth      ###......    100%        6    #####..
 Ice Form                 Ice/Tmut       ###.....     78%         4    None
 Dragon Form              Tmut           ###.......   100%        7    ######.
 Necromutation            Tmut/Necr      ###.......   100%        8    #######
 Death Channel            Necr           ####......   95%         6    #####..
 Deflect Missiles         Chrm/Air       ####......   94%         6    #####..
 Throw Icicle             Conj/Ice       ######..     1%          4    None
 Glaciate                 Conj/Ice       ######....   100%        9    #######
 Airstrike                Air            ###.......   43%         4    None
 Shadow Creatures         Summ           N/A          100%        6    #####..
 Confusing Touch          Hex            #####.       1%          1    None
 Flame Tongue             Conj/Fire      #####        0%          1    None
 Passwall                 Tmut/Erth      ###.....     9%          2    None
 Ignite Poison            Fire/Tmut/Pois #####...     2%          3    None
 Sticks to Snakes         Tmut           ###.....     21%         2    None
 Call Canine Familiar     Summ           ###.....     36%         3    None
 Ensorcelled Hibernation  Hex/Ice        ####..       2%          2    None
 Metabolic Englaciation   Hex/Ice        ####......   41%         5    ###....
 Summon Butterflies       Summ           ###.....     13%         1    None
 Silence                  Hex/Air        ####......   26%         5    ###....
 Shatter                  Erth           ####......   100%        9    #######
 Dispersal                Tloc           #####.....   41%         6    #####..
 Static Discharge         Conj/Air       ######..     1%          3    None
 Corona                   Hex            #####..      1%          1    None
 Alistair's Intoxication  Tmut/Pois      ###.....     98%         5    ###....
 Lee's Rapid Deconstruct  Erth           ####......   58%         5    ###....
 Sandblast                Erth           ####..       2%          1    None
 Simulacrum               Ice/Necr       ###.......   100%        6    #####..
 Conjure Ball Lightning   Conj/Air       ######....   4%          6    #####..
 Chain Lightning          Conj/Air       ######....   90%         8    #######
 Excruciating Wounds      Chrm/Necr      ####......   26%         5    ###....
 Portal Projectile        Hex/Tloc       #####.       1%          3    None
 Monstrous Menagerie      Summ           ###.......   100%        7    ######.
 Petrify                  Tmut/Erth      ###.....     50%         4    None
 Passage of Golubria      Tloc           N/A          3%          4    None
 Malign Gateway           Summ/Tloc      ####......   100%        7    ######.
 Tornado                  Air            ###.......   100%        9    #######
 Leda's Liquefaction      Hex/Erth       #####.....   7%          4    None
 Summon Hydra             Summ           ###.......   100%        7    ######.
 Darkness                 Hex            #####.....   30%         6    #####..
 Shroud of Golubria       Chrm/Tloc      #####.....   1%          2    None
 Inner Flame              Hex/Fire       ######..     1%          3    None
 Aura of Abjuration       Summ           ###.......   98%         5    ###....
 Beastly Appendage        Tmut           ###...       13%         1    None
 Disjunction              Tloc           #####.....   100%        8    #######
 Iskenderun's Battlesphe  Conj/Chrm      ######..     1%          5    ###....
 Fulminant Prism          Conj/Hex       ######....   1%          4    None
 Dazzling Spray           Conj/Hex       ######       1%          3    None
 Force Lance              Conj/Tloc      ######..     1%          4    None
 Infusion                 Chrm           ####         1%          1    None
 Song of Slaying          Chrm           #####...     1%          2    None
 Spectral Weapon          Hex/Chrm       #####...     1%          3    None
 Searing Ray              Conj           ######       0%          2    None
 Discord                  Hex            #####.....   100%        8    #######
 Summon Forest            Summ/Tloc      ####......   47%         5    ###....
 Summon Lightning Spire   Summ/Air       ###.....     61%         4    None
 Summon Guardian Golem    Hex/Summ       ####....     4%          3    None
 Dragon's Call            Summ           ###.......   100%        9    #######
 Spellforged Servitor     Conj/Summ      ######....   41%         7    ######.
 Summon Mana Viper        Hex/Summ       ####....     41%         5    ###....
 Hydra Form               Tmut           ###.......   100%        6    #####..
 Irradiate                Conj/Tmut      ######....   1%          5    ###....
 Gell's Gravitas          Tloc           #####.....   1%          3    None
 Yara's Violent Unravell  Hex/Tmut       ####......   41%         5    ###....
 Infestation              Necr           ####......   100%        8    #######
 Poisonous Vapours        Pois/Air       ###...       12%         2    None
 Borgnjor's Vile Clutch   Necr/Erth      ####......   50%         5    ###....


Dungeon Overview and Level Annotations

Branches:
Dungeon (15/15)            Temple (1/1) D:7            Lair (6/6) D:11
 Shoals (4/4) Lair:4       Spider (4/4) Lair:2        Slime (5/5) Lair:5
    Orc (2/2) D:10            Elf (3/3) Orc:2        Vaults (5/5) D:14
  Crypt (3/3) Vaults:2       Tomb (1/3) Crypt:3      Depths (5/5) D:15
   Hell (1/1)                 Dis (0/7) Hell            Geh (7/7) Hell
    Coc (0/7) Hell            Tar (0/7) Hell            Zot (5/5) Depths:5

Altars:
Ashenzari
Cheibriados
Dithmenos
Elyvilon
Fedhas
Gozag
Hepliaklqana
Kikubaaqudgha
Makhleb
Nemelex Xobeh
Okawaru
Qazlal
Ru
Sif Muna
Trog
Vehumet
Xom
Yredelemnul
Zin
The Shining One
Jiyva

Shops:
D:2 *   D:5 (   D:8 =   D:10 }   D:13 %   D:14 ?[[   Orc:2 [:*(   Elf:1 =
Elf:2 %   Elf:3 (   Shoals:3 ?   Vaults:2 **[   Vaults:3 **   Vaults:4 ==[
Depths:1 *   Depths:2 }=}   Depths:5 :

Portals:
Hell: Depths:1 Depths:2 Depths:3 Depths:4 Depths:5
Abyss: Depths:1 Depths:2 Depths:4
Pandemonium: Depths:3 Depths:4

Annotations:
D:7 1 runed door
D:8 exclusion: statue
Elf:2 3 runed doors
Crypt:1 3 runed doors, Jorund's ghost, adept DsFi
Geh:7 Asmodeus
Zot:1 2 transporters, Jorund's ghost, veteran DsFi
Zot:5 2 exclusions


Innate Abilities, Weirdness & Mutations

You have a pair of large antennae on your head. (SInv)
You are completely covered in thin metallic scales. (AC +4, rElec)
A powerful demonic guardian rushes to your aid.
Your flesh is heat resistant. (rF+)
You can hurl damnation.
You are powered by pain.
You are immune to clouds of flame.
You can translocate small distances at will.
You possess an exceptional clarity of mind.
You are resistant to hostile enchantments. (MR+)
You are somewhat resistant to further mutation.
You occasionally shout uncontrollably at your foes.
Your muscles are strong. (Str +2)


Message History

Asmodeus completely resists.
The hellion is engulfed in blazing flames.
The hellion gestures at you.
The sphere of damnation explodes!
The damnation engulfs you!
* * * LOW HITPOINT WARNING * * *
The damnation engulfs the Brimstone Fiend.
The Brimstone Fiend completely resists.
The damnation engulfs Asmodeus.
Asmodeus completely resists.
Unknown command.
Okay, then.
A red film seems to cover your vision as you go berserk!
You feel yourself moving faster!
You feel mighty!
Asmodeus shouts, "Decamp whilst thou can!"
The Brimstone Fiend hits you but does no damage.
The Brimstone Fiend completely misses you.
The Brimstone Fiend hits you but does no damage.
The hellion is engulfed in blazing flames.
The hellion gestures at you.
The sphere of damnation explodes!
The damnation engulfs you!
You die...

≈≈≈≈≈≈≈≈≈,,*,,,,+,,,**≈≈≈**,≈≈
≈≈≈≈≈≈≈§≈,,*$..,*,..**≈§≈,,≈≈≈
≈≈≈≈≈≈≈§≈.,*$$$,*#'**#≈≈≈§§≈≈§
≈≈≈≈≈≈≈§≈..##.##.$,,*#≈≈≈§§≈§§
≈≈≈≈≈≈≈≈≈..#...#$,,,*#≈≈§≈§≈##
≈≈≈≈≈≈#≈≈,...$..,,,,*#≈≈≈≈≈§##
≈≈≈≈≈≈#≈≈.,#§32*,,,,*#≈≈≈≈≈§§≈
≈≈≈≈≈≈#≈≈..##&########≈≈≈§§≈≈≈
≈≈≈≈≈≈#≈≈...§@§...)..)≈≈§≈§≈≈≈
≈≈≈≈≈≈#§§≈..1.....)......§..).
≈≈≈≈≈≈#§§§§§§≈§≈§§≈≈§.........
≈≈≈≈≈≈#≈§§≈§§≈§§≈≈§≈≈≈≈≈≈≈≈§≈≈
≈≈≈≈≈≈########################
≈≈≈≈≈≈########################


You could see Asmodeus, a Brimstone Fiend, a sun demon and a hellion.

Vanquished Creatures
  Cerebov (Pan)
  the Royal Jelly (Slime:5)
  Ignacio (Pan)
  Gloorx Vloq (Pan)
  Lom Lobon (Pan)
  Mnoleg (Pan)
  14 ancient liches
  3 orbs of fire
  7 juggernauts
  Mennas (Vaults:4)
  Boris (Vaults:3)
  3 greater mummies
  Bai Suzhen (Crypt:2)
  Sojobo (Vaults:4)
  A shard shrike (shapeshifter) (Zig:20)
  3 curse toes
  16 Killer Klowns
  Geryon (Hell)
  The ghost of Keulexze the Crack Shot, a veteran CeHu of Okawaru (Depths:5)
  3 caustic shrikes (Zig:23)
  6 bone dragons
  Nikola (Elf:3)
  11 golden dragons
  17 Tzitzimimeh
  Jory (Vaults:4)
  A doom hound (Zig:9)
  21 Brimstone Fiends
  2 iron giants (Zig:14)
  2 electric golems (Zot:5)
  An iron giant (shapeshifter) (Zig:26)
  9 hellephants
  Rupert (D:13)
  17 tentacled monstrosities
  5 Orb Guardians (Zot:5)
  9 Hell Sentinels
  13 Ice Fiends
  Asterion (Depths:3)
  6 deep elf master archers
  11 liches
  12 deep elf blademasters
  9 titans
  A kraken (Shoals:2)
  14 quicksilver dragons
  3 quicksilver dragons (shapeshifter)
  40 Executioners
  An eldritch tentacle (Zig:26)
  23 acid blobs
  8 tentacled starspawn
  10 sphinxes
  An acid blob (shapeshifter) (Vaults:5)
  10 death cobs
  19 storm dragons
  40 pandemonium lords
  4 ancient champions
  2 sphinxes (shapeshifter) (Zig:18)
  6 warmongers (Pan)
  A storm dragon (shapeshifter) (Zig:18)
  9 tengu reavers
  15 shadow dragons
  8 azure jellies
  5 azure jellies (shapeshifter)
  4 draconian monks
  16 fire giants
  13 blood saints
  17 nagarajas
  4 revenants
  4 daevas
  16 deep elf sorcerers
  9 vault wardens
  12 frost giants
  10 draconian knights
  5 iron dragons
  13 ghost moths
  9 draconian scorchers
  9 black suns (Pan)
  8 orc warlords
  5 angels (Pan)
  57 balrugs
  9 emperor scorpions
  A juggernaut zombie (Zig:21)
  20 cacodemons
  6 draconian shifters
  Louise (Depths:1)
  4 deep elf elementalists (Elf:3)
  2 ghouls
  24 stone giants
  2 draconian stormcallers
  17 ironheart preservers
  3 caustic shrike zombies
  12 draconian annihilators
  6 curse skulls
  23 reapers
  2 spriggan defenders
  An apis (Pan)
  A caustic shrike skeleton (Zig:21)
  62 very ugly things
  8 war gargoyles
  A stone giant (shapeshifter) (Zig:16)
  6 green draconians
  10 entropy weavers
  3 ophanim (Pan)
  9 corrupters (Pan)
  5 dire elephants
  6 deep elf demonologists
  44 starcursed masses
  4 juggernaut skeletons
  6 vampire knights
  21 lorocyprocas
  14 white draconians
  The ghost of Oxekhov the Cleaver, a journeyman GrBe of Trog (Spider:1)
  A minotaur (shapeshifter) (Zig:26)
  12 black draconians
  5 red draconians
  19 deep elf annihilators
  9 purple draconians
  10 yellow draconians
  7 deep elf death magi
  6 spark wasps
  6 eidola
  13 merfolk impalers
  14 ettins
  15 merfolk javelineers
  6 death oozes
  30 blizzard demons
  25 green deaths
  3 crystal guardians
  17 yaktaur captains
  15 fire dragons
  4 jiangshi
  12 deep elf high priests
  17 great orbs of eyes
  29 vault guards
  4 quicksilver dragon zombies
  5 hell beasts
  3 quicksilver dragon skeletons
  11 ice dragons
  8 monstrous demonspawn (Pan)
  12 hydras
  10 rakshasas
  4 naga warriors
  4 merfolk avatars
  3 great orbs of eyes (shapeshifter)
  2 juggernaut simulacra (Pan)
  A ghost crab (Zig:5)
  6 anacondas (Zig:27)
  10 merfolk aquamancers
  4 satyrs
  11 centaur warriors
  4 catoblepae
  An alligator (Zig:5)
  12 spriggan air magi
  A satyr (shapeshifter) (Zig:26)
  24 dancing weapons
  3 two-headed ogres (shapeshifter)
  4 death knights
  2 anacondas (shapeshifter)
  8 deep troll shamans
  22 death scarabs
  4 alligator snapping turtles
  2 tengu warriors
  30 two-headed ogres
  12 death yaks
  2 alligator snapping turtles (shapeshifter) (Zig:18)
  12 ogre magi
  36 hell hogs
  8 shock serpents
  7 titan zombies
  7 vampire magi
  5 deep troll earth magi
  6 spriggan berserkers
  119 sun demons
  66 soul eaters
  35 thrashing horrors
  2 iron golems (Hell)
  5 orc high priests
  3 storm dragon zombies
  9 naga sharpshooters
  4 iron trolls
  2 storm dragon skeletons
  17 deep elf knights
  2 titan skeletons
  3 cherubim (Pan)
  7 wretched stars
  38 sixfirhies
  A fire crab (Zig:4)
  3 salamander mystics
  11 shadow wraiths
  94 large abominations
  47 skeletal warriors
  3 spatial maelstroms (Abyss:5)
  2 iron trolls (shapeshifter)
  4 spark wasp zombies
  18 sea snakes
  5 death drakes (Zig:25)
  2 glowing orange brains
  18 shadow demons
  9 wizards
  6 swamp dragons (Zig:25)
  41 hell knights
  2 anaconda zombies
  2 naga ritualists (Zig:27)
  A golden dragon zombie (Geh:7)
  12 unseen horrors
  16 infernal demonspawn (Pan)
  23 deep trolls
  9 flayed ghosts
  A ghost moth zombie (Geh:3)
  11 gelid demonspawn (Pan)
  11 torturous demonspawn (Pan)
  16 ironbrand convokers
  2 obsidian statues
  2 swamp dragons (shapeshifter)
  A kraken simulacrum (Shoals:4)
  5 spectral wolf spiders (Spider:4)
  17 deep elf archers
  2 shambling mangroves
  2 golden dragon skeletons
  11 phantasmal warriors
  A sphinx zombie (Vaults:3)
  2 orange crystal statues
  22 necromancers
  A lindwurm (shapeshifter) (Vaults:5)
  Pikel (D:5)
  A tengu skeleton (Zig:15)
  4 anaconda skeletons
  3 lindwurms (D:15)
  A shadow dragon zombie (Depths:2)
  4 wolf spider zombies
  30 wolf spiders
  3 frost giant zombies
  2 shadow dragon skeletons
  67 deep elf magi
  An orb spider (shapeshifter) (Depths:2)
  21 orc knights
  46 harpies
  15 cyclopes
  A mana viper (Zig:27)
  25 orb spiders
  12 oklob plants
  2 shining eyes (shapeshifter)
  4 iron dragon zombies
  6 shining eyes
  11 orc sorcerers
  7 fire giant zombies
  57 ugly things
  3 stone giant zombies
  A sphinx skeleton (Depths:2)
  A salamander (shapeshifter) (Vaults:3)
  23 manticores
  12 fauns
  3 worldbinders (Abyss:5)
  2 salamanders
  5 stone giant skeletons
  2 moths of wrath (shapeshifter)
  10 frost giant skeletons
  20 black mambas
  14 merfolk sirens
  5 spriggan zombies
  6 elephants
  2 dire elephant zombies
  A centaur zombie (D:12)
  An elephant (shapeshifter) (Vaults:3)
  8 apocalypse crabs
  23 water nymphs
  7 eyes of devastation
  5 guardian serpents
  A guardian serpent (shapeshifter) (Vaults:4)
  27 moths of wrath
  14 vault sentinels
  Maurice (D:8)
  8 naga magi
  Psyche (D:8)
  6 fire giant skeletons
  2 shock serpent skeletons (Pan)
  2 eyes of devastation (shapeshifter)
  5 gargoyles
  7 molten gargoyles (Geh:7)
  3 ice statues
  8 rust devils
  20 spiny frogs
  A spiny frog (shapeshifter) (Abyss:5)
  2 rime drakes
  A spriggan skeleton (Zig:15)
  130 smoke demons
  41 orange demons
  22 hellions
  8 torpor snails
  A yaktaur zombie (Zig:2)
  A grey draconian zombie (Crypt:2)
  23 freezing wraiths
  A spectral redback (Spider:4)
  A yaktaur (shapeshifter) (Zig:18)
  A dire elephant skeleton (Pan)
  29 tormentors
  2 anaconda simulacra
  A redback zombie (Spider:4)
  16 efreet
  9 ancient zymes
  12 komodo dragons
  50 yaktaurs
  67 demonic crawlers
  A catoblepas skeleton (Crypt:3)
  14 small abominations
  2 golden dragon simulacra
  16 guardian mummies
  19 ice devils
  51 red devils
  2 harpy zombies
  12 trolls
  A polar bear (Lair:5)
  2 polar bears (shapeshifter)
  37 hellwings
  A jumping spider (shapeshifter) (Zig:22)
  3 meliai (D:15)
  55 merfolk
  3 queen bees (shapeshifter)
  12 wind drakes
  3 spectral jumping spiders (Spider:4)
  42 jumping spiders
  A jumping spider zombie (Spider:4)
  A tyrant leech (Zig:5)
  3 blink frogs (Lair:5)
  A slime creature (shapeshifter) (Abyss:5)
  A hippogriff (shapeshifter) (Depths:2)
  5 hydra zombies
  A wind drake (shapeshifter) (Elf:3)
  19 hornets
  2 fire dragon zombies
  12 snapping turtles
  4 spectral tarantellas (Spider:4)
  9 dream sheep (Lair:6)
  84 slime creatures
  25 raiju
  2 tarantella zombies (Spider:4)
  2 harpy skeletons
  A dream sheep (shapeshifter) (Vaults:5)
  2 blink frogs (shapeshifter)
  2 hydra skeletons
  10 hippogriffs
  2 frost giant simulacra
  2 elf zombies
  A deep troll skeleton (Depths:1)
  A satyr skeleton (Crypt:1)
  An alligator zombie (Geh:3)
  3 ice dragon zombies
  4 ettin zombies
  3 ettin skeletons
  14 shadows
  74 ynoxinuls
  8 air elementals
  2 alligator skeletons
  5 fire dragon skeletons
  4 ice dragon skeletons (Pan)
  64 redbacks
  22 water elementals
  38 flying skulls
  24 wraiths
  An ushabti (Tomb:1)
  3 dire elephant simulacra (IceCv)
  2 spriggans
  24 tarantellas
  4 fire bats (D:13)
  Eustachio (D:5)
  A wyvern (Zig:25)
  19 fire elementals
  A human (shapeshifter) (Elf:2)
  4 black mamba skeletons
  4 basilisks
  2 hogs (shapeshifter)
  58 chaos spawn
  6 golden eyes
  2 golden eyes (shapeshifter)
  67 yaks
  38 neqoxecs
  A tyrant leech zombie (Crypt:1)
  6 steam dragons
  4 hungry ghosts
  2 vampire mosquitoes (D:13)
  10 wargs
  A death yak simulacrum (IceCv)
  A glowing shapeshifter zombie (Crypt:1)
  9 insubstantial wisps
  A spatial vortex (Abyss:5)
  6 nagas
  3 harpy simulacra (IceCv)
  A deep troll zombie (Vaults:3)
  4 iron troll simulacra (IceCv)
  7 hydra simulacra
  Edmund (D:5)
  4 acid dragons
  6 water moccasins
  8 porcupines
  35 hell hounds
  A spiny frog zombie (Hell)
  41 orc warriors
  A floating eye (shapeshifter) (Zig:16)
  7 swamp drakes (Zig:25)
  A manticore zombie (Geh:7)
  8 sky beasts
  4 ice beasts
  3 spiny frog skeletons
  4 ettin simulacra
  2 hornet zombies (Spider:4)
  2 slaves (D:5)
  2 black bears
  A swamp dragon zombie (Crypt:3)
  13 eyes of draining
  44 ogres
  A snapping turtle zombie (Geh:6)
  A tengu (Bailey)
  7 boggarts
  An alligator simulacrum (Hell)
  6 phantoms
  9 necrophages
  2 wolves (Zig:23)
  14 centaurs
  A boggart (shapeshifter) (Zig:26)
  A manticore skeleton (Pan)
  15 crocodiles
  A komodo dragon zombie (Crypt:1)
  2 snapping turtle skeletons (Geh:7)
  17 big kobolds
  Blork the orc (D:6)
  A hippogriff skeleton (Crypt:1)
  19 bullfrogs
  3 gnoll sergeants (D:10)
  4 elf skeletons
  A glowing shapeshifter simulacrum (Vaults:2)
  A wyvern zombie (D:13)
  13 earth elementals
  A spiny frog simulacrum (Hell)
  13 scorpions
  10 killer bees
  An elephant simulacrum (IceCv)
  46 wights
  4 howler monkeys
  An electric eel (Spider:3)
  A quasit (Abyss:2)
  13 crimson imps
  3 draconian simulacra (IceCv)
  4 bullfrog zombies
  A human zombie (Crypt:1)
  9 jellies
  8 hounds
  11 orc priests
  4 bullfrog skeletons
  2 gnoll shamans
  3 iron imps
  7 centaur skeletons
  A human skeleton (Crypt:1)
  Ijyb (D:3)
  An iguana (D:7)
  16 orc wizards
  A spriggan simulacrum (Abyss:2)
  A lightning spire (Zig:13)
  9 worker ants
  12 hell rats (Hell)
  A killer bee zombie (Crypt:2)
  4 troll simulacra (IceCv)
  4 tengu zombies
  4 centaur simulacra (IceCv)
  A hound zombie (D:6)
  2 hound skeletons
  23 mummies
  24 gnolls
  An ogre simulacrum (IceCv)
  A swamp drake zombie (Crypt:2)
  19 adders
  2 naga simulacra (IceCv)
  3 shadow imps
  8 white imps
  8 ufetubi
  9 oozes
  An adder skeleton (D:7)
  An adder zombie (D:7)
  2 worms
  5 ball lightnings (Pan)
  4 leopard geckos
  79 orcs
  4 giant cockroaches
  16 goblins
  9 hobgoblins
  6 jackals
  3 quokkas
  2 ball pythons (D:1)
  41 bats
  A frilled lizard (D:2)
  2 giant cockroach zombies
  A hobgoblin zombie (Crypt:2)
  25 kobolds
  A leopard gecko skeleton (D:6)
  A leopard gecko zombie (D:5)
  A quokka zombie (D:8)
  8 rats
  A river rat skeleton (Crypt:2)
  2 blocks of ice
  13 crawling corpses
  2 fire vortices (Pan)
  4 fungi
  2 lurking horrors (Abyss:5)
  29 plants
  7 starspawn tentacles
  2 tentacles (Shoals:2)
  A withered plant (Crypt:3)
5229 creatures vanquished.

Vanquished Creatures (collateral kills)
  2 orbs of fire
  3 ancient liches
  A shard shrike (Zot:4)
  4 Killer Klowns
  2 golden dragons
  The ghost of Oziu the Executioner, a veteran MiFi of Okawaru (Vaults:3)
  7 pandemonium lords
  A profane servitor (Abyss:5)
  A Tzitzimitl (Zig:11)
  3 hellephants
  A lich (Vaults:4)
  2 Orb Guardians (Zot:5)
  A Hell Sentinel (Pan)
  6 tentacled monstrosities
  3 quicksilver dragons
  An Executioner (Pan)
  A deep elf blademaster (Zig:10)
  2 quicksilver dragons (shapeshifter)
  3 titans
  A tentacled starspawn (Abyss:5)
  A thorn hunter (Depths:2)
  A sphinx (Tomb:1)
  A shadow dragon (shapeshifter) (Zig:26)
  A shadow dragon (Zig:25)
  4 nagarajas (Zig:27)
  3 tengu reavers
  2 azure jellies (Slime:5)
  3 storm dragons
  2 draconian knights
  2 frost giants
  A blood saint (Zig:12)
  An emperor scorpion (Zig:17)
  A cacodemon (Pan)
  2 fire giants
  2 ghost moths
  A balrug (Zig:21)
  A ghoul (Vaults:2)
  4 vault wardens
  3 draconian scorchers
  A deep elf sorcerer (Elf:3)
  2 draconian shifters
  An ironheart preserver (Vaults:4)
  5 reapers
  A draconian annihilator (Zig:12)
  6 very ugly things
  A spriggan defender (Depths:2)
  3 stone giants
  A vampire knight (Crypt:1)
  2 entropy weavers (Zig:17)
  A corrupter (Pan)
  2 deep elf annihilators (Zig:24)
  A green draconian (Zot:3)
  A black draconian (Zot:1)
  4 dire elephants (Zig:23)
  A red draconian (Zot:3)
  A purple draconian (Zot:2)
  4 white draconians
  A yellow draconian (Zot:4)
  2 ettins (Vaults:5)
  A blizzard demon (Pan)
  3 deep elf high priests
  2 yaktaur captains
  A green death (Pan)
  2 rakshasas
  4 hydras (Zig:23)
  2 vault guards
  2 spriggan air magi
  2 two-headed ogres
  An ice dragon (Zig:5)
  A satyr (Zig:8)
  A death knight (Vaults:5)
  A centaur warrior (D:14)
  An anaconda (Zig:27)
  A death scarab (Spider:4)
  2 dancing weapons
  An ogre mage (Depths:2)
  2 deep troll shamans (Depths:3)
  A vampire mage (Crypt:2)
  A hell hog (Geh:7)
  3 shock serpents
  A tengu warrior (Depths:3)
  3 orc high priests
  A death yak (Lair:6)
  An iron golem (Zig:21)
  A titan zombie (Zig:15)
  3 thrashing horrors (Abyss:5)
  5 deep elf knights
  2 naga sharpshooters (Zig:27)
  2 sun demons
  2 soul eaters
  2 hell knights
  A salamander mystic (Zig:12)
  2 sixfirhies (Pan)
  6 skeletal warriors
  6 large abominations
  An unseen horror (Abyss:5)
  An infernal demonspawn (Pan)
  A flayed ghost (Depths:4)
  A sea snake (Shoals:4)
  7 deep trolls
  A gelid demonspawn (Pan)
  2 shadow demons (Pan)
  3 torturous demonspawn (Pan)
  4 deep elf archers
  3 necromancers
  A lindwurm (D:15)
  A sphinx zombie (Zig:21)
  5 harpies
  2 swamp dragons (Zig:25)
  A phantasmal warrior (Vaults:5)
  2 wolf spiders
  2 mana vipers (Zig:27)
  An iron dragon zombie (Zig:15)
  2 orc knights
  11 deep elf magi
  A frost giant zombie (Crypt:3)
  6 orb spiders
  An orc sorcerer (Orc:2)
  8 ugly things
  A tengu skeleton (Zig:21)
  A faun (Shoals:2)
  A salamander (shapeshifter) (Zig:5)
  4 moths of wrath
  A spriggan zombie (Zig:15)
  2 oklob plants
  4 manticores
  2 merfolk sirens
  7 black mambas
  A vault sentinel (Vaults:4)
  2 apocalypse crabs
  A smoke demon (Abyss:5)
  2 naga magi (Zig:27)
  A spiny frog (Lair:1)
  3 torpor snails
  2 orange demons
  3 rime drakes
  2 hellions
  4 yaktaurs
  A demonic crawler (Zig:17)
  2 tormentors
  A hellwing (Abyss:5)
  An efreet (D:14)
  3 red devils
  An ice devil (Hell)
  8 merfolk
  A troll (D:14)
  A wind drake (shapeshifter) (Zig:5)
  A golden dragon simulacrum (IceCv)
  A meliai (Zig:10)
  10 jumping spiders
  2 hornets
  2 raiju (Abyss:5)
  2 wind drakes (Zig:25)
  2 blink frogs (Lair:5)
  3 slime creatures
  A harpy skeleton (D:14)
  2 hippogriffs (Lair:4)
  4 dream sheep (Shoals:3)
  A jumping spider zombie (Spider:4)
  2 air elementals
  8 redbacks
  A ynoxinul (Pan)
  3 yaks
  3 tarantellas
  2 water elementals
  3 chaos spawn
  2 fire elementals
  A golden eye (Abyss:5)
  A basilisk (Zig:23)
  3 neqoxecs
  A naga (Zig:27)
  A steam dragon (Zig:25)
  A warg (Elf:3)
  A human zombie (Depths:3)
  A water moccasin (Lair:5)
  A spatial vortex (Abyss:5)
  A porcupine (Lair:5)
  A hell hound (Zig:21)
  3 swamp drakes (Zig:25)
  A sky beast (D:12)
  4 orc warriors
  A boggart (D:14)
  A wolf (Zig:23)
  A centaur (D:7)
  An ogre (Vaults:5)
  2 big kobolds
  A wight (D:12)
  A howler monkey (D:9)
  7 starcursed masses (Abyss:5)
  A hound (D:7)
  A jelly (Lair:5)
  2 orc wizards
  A hell rat (Hell)
  3 orcs
  A goblin (D:8)
  4 briar patches (Depths:2)
  A fire vortex (Pan)
  A lost soul (Zig:20)
  A plant (Zig:7)
  A starspawn tentacle (Abyss:5)
435 creatures vanquished.

Vanquished Creatures (others)
  A pandemonium lord (Zig:26)
  The ghost of Luyjis the Warrior, a master GrGl of Okawaru (Vaults:2)
  the Enchantress (Depths:2)
  2 deep elf master archers
  An eldritch tentacle (Zig:26)
  2 sphinxes
  A tengu reaver (Vaults:4)
  A deep elf sorcerer (Zig:24)
  A vault warden (Vaults:5)
  A reaper (Zig:21)
  An ironheart preserver (Vaults:3)
  A stone giant (Depths:5)
  2 deep elf annihilators (Zig:24)
  A black sun (Pan)
  2 merfolk javelineers
  A blizzard demon (Pan)
  An ogre mage (Zig:24)
  A fire dragon (Zig:25)
  2 yaktaur captains
  A hydra (Zig:23)
  A naga warrior (Zig:27)
  A merfolk aquamancer (Zig:19)
  2 satyrs (Zig:8)
  A deep elf knight (Zig:22)
  A sixfirhy (Pan)
  A deep troll (Zig:24)
  A deep elf archer (Elf:1)
  A harpy (Zig:19)
  2 necromancers (Zig:24)
  A deep elf mage (Elf:2)
  2 moths of wrath (Zot:5)
  A hellwing (Pan)
  2 yaktaurs (Vaults:2)
  A hornet (Depths:2)
  A slime creature (Slime:2)
  A flying skull (Zig:21)
  A redback (Spider:1)
  A wraith (Vaults:5)
  A water elemental (Hell)
  3 ynoxinuls (Pan)
  A fire elemental (D:14)
  A golden eye (Slime:3)
  3 chaos spawn
  A neqoxec (Pan)
  A naga (Zig:27)
  An acid dragon (Zig:25)
  A slave (D:5)
  A phantom (Geh:3)
  An ogre (Depths:3)
  A necrophage (Zig:15)
  A crocodile (Zig:23)
  2 earth elementals (Zig:22)
  A small abomination (Abyss:5)
  2 wights
  3 gnolls (Bailey)
  17 ball lightnings (Pan)
  2 orcs (Vaults:4)
  A hobgoblin (Bailey)
  2 kobolds (Bailey)
  A bush (Lair:2)
  16 fungi
  6 lost souls (Zig:20)
  2 lurking horrors (Abyss:5)
  9 plants
  22 starspawn tentacles
  6 tentacles
  46 withered plants
202 creatures vanquished.

Grand Total: 5866 creatures vanquished

Notes
Turn   | Place    | Note
-------+----------+-------------------------------------------
     0 | D:1      | Jorund the Demonspawn Fighter began the quest for the Orb.
     0 | D:1      | Reached XP level 1. HP: 18/18 MP: 1/1
   269 | D:1      | Gained mutation: You sometimes gain a little power by taking damage. [demonic ancestry]
   269 | D:1      | Reached XP level 2. HP: 23/24 MP: 2/2
   795 | D:1      | Gained mutation: You are partially covered in thin metallic scales. (AC +2) [demonic ancestry]
   795 | D:1      | Reached XP level 3. HP: 29/29 MP: 3/3
  1100 | D:2      | Found Gozag's Platinum Reserve.
  1102 | D:2      | Found an opulent altar of Gozag.
  1405 | D:2      | Found a glowing golden altar of the Shining One.
  1405 | D:2      | Found a white marble altar of Elyvilon.
  1406 | D:2      | Found a glowing silver altar of Zin.
  1801 | D:2      | Reached XP level 4. HP: 35/35 MP: 4/4
  2566 | D:3      | Reached XP level 5. HP: 25/41 MP: 5/5
  2749 | D:3      | Noticed Ijyb
  2822 | D:3      | Killed Ijyb
  3195 | D:4      | Got a crude lead ring
  3201 | D:4      | Identified the ring of the Rose {rC++ MR+ EV+3} (You found it on level 4 of the Dungeon)
  3295 | D:4      | Gained mutation: You are mostly covered in thin metallic scales. (AC +3) [demonic ancestry]
  3295 | D:4      | Reached XP level 6. HP: 38/48 MP: 6/6
  3636 | D:4      | Reached skill level 5 in Axes
  3813 | D:5      | Entered Level 5 of the Dungeon
  3834 | D:5      | Found Cuaprik's Weapon Shoppe.
  3844 | D:5      | Noticed Eustachio
  3855 | D:5      | Noticed a slave
  3859 | D:5      | Noticed Pikel
  3861 | D:5      | Noticed a slave
  3863 | D:5      | Noticed a slave
  3864 | D:5      | Noticed a slave
  3868 | D:5      | Noticed Edmund
  3906 | D:5      | Reached XP level 7. HP: 17/54 MP: 7/7
  4137 | D:5      | Found a basalt altar of Yredelemnul.
  4375 | D:5      | Killed Eustachio
  4470 | D:5      | Reached XP level 8. HP: 57/61 MP: 8/8
  4490 | D:5      | Found the +7 Singing Sword
  4577 | D:5      | Killed Pikel
  4717 | D:5      | Killed Edmund
  5328 | D:6      | Gained mutation: A weak demonic guardian rushes to your aid. [demonic ancestry]
  5328 | D:6      | Reached XP level 9. HP: 67/67 MP: 9/9
  5336 | D:6      | Noticed Blork the orc
  5345 | D:6      | Killed Blork the orc
  5348 | D:6      | Reached skill level 5 in Fighting
  5402 | D:6      | Reached skill level 10 in Axes
  5467 | D:6      | Found a deep blue altar of Sif Muna.
  5902 | D:7      | Got a slimy mace
  5905 | D:7      | Found a runed door.
  5950 | D:7      | Found a bloodstained altar of Trog.
  5988 | D:7      | Found a staircase to the Ecumenical Temple.
  5996 | Temple   | Entered the Ecumenical Temple
  6038 | Temple   | Became a worshipper of Makhleb the Destroyer
  6784 | D:8      | Reached * piety under Makhleb
  6828 | D:8      | Found a radiant altar of Vehumet.
  6868 | D:8      | Found an ancient bone altar of Kikubaaqudgha.
  6928 | D:8      | Noticed Psyche
  6936 | D:8      | Killed Psyche
  6956 | D:8      | Found a flagged portal.
  6972 | Bailey   | Entered a bailey
  7104 | Bailey   | Identified a scroll of acquirement
  7523 | Bailey   | Reached ** piety under Makhleb
  7523 | Bailey   | Gained mutation: You have a pair of small antennae on your head. [demonic ancestry]
  7523 | Bailey   | Reached XP level 10. HP: 76/76 MP: 10/10
  7772 | D:8      | Reached skill level 5 in Armour
  7783 | D:8      | Noticed Maurice
  8009 | D:8      | Found Ischidio's Jewellery Shoppe.
  8041 | D:8      | Bought an uncursed ring of poison resistance for 220 gold pieces
  8260 | D:8      | Killed Maurice
  8608 | D:9      | Noticed a cyclops
  8642 | D:9      | Killed a cyclops
  8642 | D:9      | Reached *** piety under Makhleb
  8786 | D:9      | Found a sacrificial altar of Ru.
  8797 | D:9      | Found a shattered altar of Ashenzari.
  9029 | D:9      | Found a sparkling altar of Nemelex Xobeh.
  9170 | D:10     | Entered Level 10 of the Dungeon
  9220 | D:10     | Found a stormy altar of Qazlal.
  9363 | D:10     | Reached **** piety under Makhleb
  9367 | D:10     | Found a staircase to the Orcish Mines.
  9400 | D:10     | Gained mutation: You sometimes gain power by taking damage. [demonic ancestry]
  9400 | D:10     | Reached XP level 11. HP: 78/84 MP: 11/11
  9594 | D:10     | Found Okhiroes's Gadget Shoppe.
  9985 | D:11     | Noticed an oklob plant
  9987 | D:11     | Noticed an oklob plant
 10097 | D:11     | Reached ***** piety under Makhleb
 10146 | D:11     | Noticed a two-headed ogre
 10161 | D:11     | Killed a two-headed ogre
 10343 | D:11     | Noticed an oklob plant
 10631 | D:11     | Found a staircase to the Lair.
 11132 | D:12     | Noticed a two-headed ogre
 11136 | D:12     | Killed a two-headed ogre
 11368 | D:12     | Reached XP level 12. HP: 92/92 MP: 12/12
 11440 | D:12     | Reached skill level 15 in Axes
 11628 | D:12     | Noticed a two-headed ogre
 11634 | D:12     | Killed a two-headed ogre
 11887 | D:13     | Noticed a four-headed hydra
 12141 | Lair:1   | Entered Level 1 of the Lair of Beasts
 12588 | Lair:1   | Noticed an eight-headed hydra
 12638 | Lair:2   | Reached ****** piety under Makhleb
 12682 | Lair:2   | Found a hole to the Spider Nest.
 12876 | Lair:2   | Got a brightly glowing marble ring
 13787 | Lair:3   | Reached XP level 13. HP: 101/101 MP: 13/13
 13974 | Lair:4   | Found a staircase to the Shoals.
 14377 | Lair:4   | Got a transparent platinum ring
 14655 | Lair:4   | Identified the ring "Muasaffa" {Wiz Str+3} (You found it on level 2 of the Lair of Beasts)
 14656 | Lair:4   | Identified the ring of Otisk {rC+ rN+ MR- Str+8 Stlth+} (You found it on level 4 of the Lair of Beasts)
 14671 | Lair:4   | Gained mutation: Scrolls take you a little longer to read. [potion of mutation]
 14671 | Lair:4   | Gained mutation: Your flesh is heat resistant. (rF+) [potion of mutation]
 14671 | Lair:4   | Gained mutation: You expend magic power (3 MP) to strengthen your wands. [potion of mutation]
 14671 | Lair:4   | Gained mutation: You are completely covered in thin metallic scales. (AC +4, rElec) [potion of mutation]
 14672 | Lair:4   | Lost mutation: You expend magic power (3 MP) to strengthen your wands. [potion of mutation]
 14672 | Lair:4   | Lost mutation: You are completely covered in thin metallic scales. (AC +4, rElec) [potion of mutation]
 14672 | Lair:4   | Gained mutation: Your flesh is cold resistant. (rC+) [potion of mutation]
 14672 | Lair:4   | Gained mutation: You have sharp toenails. [potion of mutation]
 14673 | Lair:4   | Lost mutation: Scrolls take you a little longer to read. [potion of mutation]
 14673 | Lair:4   | Lost mutation: You have sharp toenails. [potion of mutation]
 14673 | Lair:4   | Lost mutation: Your flesh is cold resistant. (rC+) [potion of mutation]
 14673 | Lair:4   | Gained mutation: You have a pair of antennae on your head. [potion of mutation]
 14673 | Lair:4   | Gained mutation: Your muscles are strong. (Str +2) [potion of mutation]
 14673 | Lair:4   | Gained mutation: You are resistant to hostile enchantments. (MR+) [potion of mutation]
 14759 | Lair:5   | Found a staircase to the Slime Pits.
 15548 | Lair:5   | Identified a +0 pair of boots of running (You found it on level 5 of the Lair of Beasts)
 15684 | Lair:6   | Entered Level 6 of the Lair of Beasts
 15830 | Lair:6   | Reached skill level 10 in Fighting
 16302 | Lair:6   | Mutation became permanent: You have a pair of small antennae on your head. [demonic ancestry]
 16302 | Lair:6   | Gained mutation: You have a pair of antennae on your head. [demonic ancestry]
 16302 | Lair:6   | Reached XP level 14. HP: 111/111 MP: 14/14
 16805 | Orc:1    | Entered Level 1 of the Orcish Mines
 16998 | Orc:2    | Entered Level 2 of the Orcish Mines
 16998 | Orc:2    | Found a staircase to the Elven Halls.
 17213 | Orc:2    | Noticed an orc warlord
 17227 | Orc:2    | Found Sairgh's General Store.
 17247 | Orc:2    | Found Fyalar's Book Boutique.
 17299 | Orc:1    | Noticed an orc warlord
 17331 | Orc:1    | Killed an orc warlord
 17533 | Orc:2    | Found Sizaqos's Antique Armour Boutique.
 17766 | Orc:2    | Found Jiosh's Antique Weapon Shoppe.
 17837 | Orc:2    | Killed an orc warlord
 18736 | D:13     | Found a shadowy altar of Dithmenos.
 18766 | D:13     | Noticed Rupert
 18787 | D:13     | Killed Rupert
 18915 | D:13     | Got a creamy pearl robe
 18982 | D:13     | Found Ysedghiyq's Food Shop.
 19089 | D:13     | Found a glowing golden altar of the Shining One.
 19102 | D:13     | Found a runed door.
 19123 | D:13     | Found a radiant altar of Vehumet.
 19128 | D:13     | Found a shadowy altar of Dithmenos.
 19154 | D:13     | Found a radiant altar of Vehumet.
 19179 | D:13     | Found a deep blue altar of Sif Muna.
 19198 | D:13     | Found a shimmering altar of Xom.
 19387 | D:13     | Gained mutation: A demonic guardian rushes to your aid. [demonic ancestry]
 19387 | D:13     | Reached XP level 15. HP: 120/120 MP: 15/15
 19415 | D:13     | Identified the +1 robe of Tuvucoll {rC++} (You found it on level 13 of the Dungeon)
 19485 | D:14     | Found Tunluod's Antique Armour Shoppe.
 19491 | D:14     | Found a flickering gateway to a bazaar.
 19504 | Bazaar   | Entered a bazaar
 19504 | Bazaar   | Found Suunig's Antique Weapon Shoppe.
 19505 | Bazaar   | Found Rurakobe's Food Shoppe.
 19524 | Bazaar   | Found Cyceros's Distillery.
 19552 | Bazaar   | Found Gacil's Gadget Emporium.
 19558 | Bazaar   | Found Qokady's Jewellery Emporium.
 19597 | Bazaar   | Bought a potion of heal wounds for 55 gold pieces
 19597 | Bazaar   | Bought a potion of resistance for 110 gold pieces
 19597 | Bazaar   | Bought a potion of heal wounds for 55 gold pieces
 19597 | Bazaar   | Bought 2 potions of mutation for 176 gold pieces
 19597 | Bazaar   | Bought a potion of curing for 33 gold pieces
 19597 | Bazaar   | Bought a potion of curing for 33 gold pieces
 19597 | Bazaar   | Bought a potion of haste for 110 gold pieces
 19597 | Bazaar   | Bought a potion of berserk rage for 55 gold pieces
 19742 | D:14     | Found a large runed door.
 19742 | D:14     | Found a large runed door.
 19829 | D:14     | Found a shimmering altar of Xom.
 19845 | D:14     | Found Bymi's Magic Scroll Emporium.
 19858 | D:14     | Found Neptodur's Antique Armour Emporium.
 19874 | D:14     | Identified the Catalogue of Blistering Feathers
 20046 | D:14     | Found a gate to the Vaults.
 20788 | D:14     | Bought a pair of runed gloves for 285 gold pieces
 20840 | D:15     | Entered Level 15 of the Dungeon
 21472 | D:15     | Identified the Reference Book on the Entourage and Dark Magic
 21863 | D:15     | Found a staircase to the Depths.
 22235 | Spider:1 | Entered Level 1 of the Spider Nest
 22429 | Spider:1 | Got a blackened cloak
 22440 | Spider:1 | Identified the +2 cloak "Zifu" {rC+ Str+2 Int-3 Dex+2} (You found it on level 1 of the Spider Nest)
 22683 | Spider:1 | Found a runed door.
 22683 | Spider:1 | Found a shimmering altar of Xom.
 22683 | Spider:1 | Noticed Oxekhov's ghost (journeyman GrBe)
 24020 | Spider:2 | Reached skill level 10 in Armour
 24224 | Spider:3 | Reached XP level 16. HP: 83/131 MP: 16/16
 24702 | Spider:4 | Entered Level 4 of the Spider Nest
 25672 | Elf:1    | Entered Level 1 of the Elven Halls
 25672 | Elf:1    | Found an ancient bone altar of Kikubaaqudgha.
 25952 | Elf:1    | Identified Sif Muna's Almanac of Summoning
 25961 | Elf:1    | Got a tiger eye-encrusted chain mail
 25962 | Elf:1    | Identified the +5 chain mail "Eray" {MR+} (You found it on level 1 of the Elven Halls)
 26086 | Elf:1    | Found Jyuh's Jewellery Shop.
 26100 | Elf:1    | Bought a +3 amulet of reflection for 204 gold pieces
 26420 | Elf:1    | Found the ring of Shadows {Umbra +Inv Stlth+}
 26812 | Elf:2    | Gained mutation: You are powered by pain. [demonic ancestry]
 26812 | Elf:2    | Reached XP level 17. HP: 140/140 MP: 17/17
 27007 | Elf:2    | Found Daretiph's Food Boutique.
 27167 | Elf:2    | Found a runed gate.
 27167 | Elf:2    | Found a runed gate.
 27168 | Elf:2    | Found a runed gate.
 27502 | Elf:3    | Entered Level 3 of the Elven Halls
 27730 | Elf:3    | Reached skill level 15 in Fighting
 27771 | Elf:3    | Found Veiloatt's Antique Weapon Boutique.
 27795 | Elf:3    | Found a frozen archway.
 27799 | IceCv    | Entered an ice cave
 28158 | IceCv    | Noticed an Ice Fiend
 28176 | IceCv    | Killed an Ice Fiend
 28426 | Elf:3    | Noticed Nikola
 28453 | Elf:3    | Killed Nikola
 28455 | Elf:3    | Got a pair of ichor-stained gloves
 28466 | Elf:3    | Identified the +5 pair of gloves "Rioxass" {rN+ Str+4 Int-5} (You took it off Nikola on level 3 of the Elven Halls)
 28883 | Elf:1    | Bought an uncursed ring of see invisible for 195 gold pieces
 29246 | Elf:3    | Noticed a deep elf blademaster
 29256 | Elf:3    | Killed a deep elf blademaster
 29342 | Elf:3    | Reached XP level 18. HP: 143/151 MP: 18/18
 29495 | Elf:3    | Got an ancient arbalest
 29499 | Elf:3    | Got a smelly chain mail
 29512 | Elf:3    | Identified the cursed +0 chain mail "Pukkue" {-Tele rC++ Dex+4} (You took it off an orc high priest on level 3 of the Elven Halls)
 29516 | Elf:3    | Got an ancient turquoise ring
 29523 | Elf:3    | Identified the ring "Vichos" {rPois rF+ rN++ Int-5 Stlth-} (You took it off an orc on level 3 of the Elven Halls)
 29786 | Elf:3    | Identified the Handbook of Vitriolic Moulding
 29788 | Elf:3    | Identified Acyimein's Tome of the Helpful Glacier
 29856 | Elf:3    | Identified the +10 rapier of Rewk {vamp, +Rage rPois Str-2} (You took it off an orc on level 3 of the Elven Halls)
 30509 | Spider:4 | Got a gossamer rune of Zot
 30690 | Shoals:1 | Entered Level 1 of the Shoals
 31102 | Shoals:1 | Got a vibrating iron amulet
 31104 | Shoals:1 | Identified the amulet of Qibost {Gourm Dex+3} (You found it on level 1 of the Shoals)
 32691 | Shoals:3 | Found Ylui's Magic Scroll Emporium.
 32717 | Shoals:3 | Identified the +8 arbalest "Lomiur" {venom, +Inv MR+ Int+3} (You took it off an orc on level 3 of the Elven Halls)
 32732 | Shoals:3 | Bought a scroll of magic mapping for 49 gold pieces
 32732 | Shoals:3 | Bought a scroll of enchant armour for 105 gold pieces
 32732 | Shoals:3 | Bought a scroll of acquirement for 728 gold pieces
 32732 | Shoals:3 | Bought a scroll of teleportation for 42 gold pieces
 32732 | Shoals:3 | Bought a scroll of identify for 28 gold pieces
 32752 | Shoals:3 | Got a slimy executioner's axe
 32754 | Shoals:3 | Identified the +5 executioner's axe of Discord {protect, rElec rC+ Stlth+} (You acquired it on level 3 of the Shoals)
 32811 | Shoals:4 | Entered Level 4 of the Shoals
 32977 | Shoals:4 | Gained mutation: You are completely covered in thin metallic scales. (AC +4, rElec) [demonic ancestry]
 32977 | Shoals:4 | Reached XP level 19. HP: 130/163 MP: 19/19
 33111 | Shoals:4 | Got an amethyst-encrusted chain mail
 33112 | Shoals:4 | Identified the +11 chain mail of Tender Moments {rF+ Str+6} (You found it on level 4 of the Shoals)
 33657 | Shoals:4 | Got a barnacled rune of Zot
 33954 | Vaults:1 | Entered Level 1 of the Vaults
 34752 | Vaults:1 | You fall through a shaft!
 34780 | Vaults:2 | Found a staircase to the Crypt.
 34794 | Vaults:2 | Reached skill level 1 in Dodging
 34861 | Vaults:2 | Found Xicin's Antique Armour Boutique.
 35308 | Vaults:2 | Found a runed gate.
 35309 | Vaults:2 | Found an opulent altar of Gozag.
 35309 | Vaults:2 | Found Foomykol's Assorted Antiques.
 35947 | Vaults:2 | Gained mutation: You have a pair of large antennae on your head. (SInv) [demonic ancestry]
 35947 | Vaults:2 | Reached XP level 20. HP: 175/175 MP: 20/20
 36192 | Vaults:2 | Found a runed gate.
 36212 | Vaults:2 | Found a runed gate.
 36212 | Vaults:2 | Noticed Luyjis's ghost (master GrGl)
 36733 | Vaults:3 | Noticed Boris
 36751 | Vaults:3 | Killed Boris
 36974 | Vaults:3 | Reached skill level 5 in Dodging
 37430 | Vaults:3 | Found a runed gate.
 37434 | Vaults:3 | Found an opulent altar of Gozag.
 37434 | Vaults:3 | Found Fuxonn's Assorted Antiques.
 37434 | Vaults:3 | Found Jyesobym's Assorted Antiques.
 37435 | Vaults:3 | Found a runed gate.
 37435 | Vaults:3 | Found a runed gate.
 37435 | Vaults:3 | Noticed Oziu's ghost (veteran MiFi)
 37717 | Vaults:4 | Found the +3 robe of Clouds {+Fly rElec}
 37787 | Vaults:4 | Noticed Jory
 37802 | Vaults:4 | Killed Jory
 37889 | Vaults:4 | Reached skill level 1 in Invocations
 38084 | Vaults:4 | Reached skill level 15 in Armour
 38086 | Vaults:4 | Gained mutation: A powerful demonic guardian rushes to your aid. [demonic ancestry]
 38086 | Vaults:4 | Reached XP level 21. HP: 186/186 MP: 21/23
 38220 | Vaults:4 | Noticed Mennas
 38233 | Vaults:4 | Killed Mennas
 38262 | Vaults:4 | Noticed Sojobo
 38288 | Vaults:4 | Killed Sojobo
 38288 | Vaults:4 | Reached skill level 5 in Invocations
 38595 | Vaults:4 | Identified the +5 chain mail of the Hidden Cities {MR+ Dex-4 SInv} (You found it on level 4 of the Vaults)
 38723 | Vaults:4 | Found Aduenkei's Armour Shop.
 38723 | Vaults:4 | Found Zoyh's Jewellery Shop.
 38757 | Vaults:4 | Found Fumeoman's Jewellery Shop.
 39123 | Vaults:4 | Bought the +2 shield of Resistance {rF+ rC+ MR+} for 493 gold pieces
 39123 | Vaults:4 | Found the +2 shield of Resistance {rF+ rC+ MR+}
 39152 | Vaults:4 | Bought the ring "Ywkuk" {rC+ MP+9 Int+7} for 1071 gold pieces
 39299 | Crypt:1  | Entered Level 1 of the Crypt
 39554 | Crypt:1  | Found a runed gate.
 39554 | Crypt:1  | Found a runed gate.
 39554 | Crypt:1  | Found a runed gate.
 39802 | Crypt:1  | Noticed Jorund's ghost (adept DsFi)
 40981 | Crypt:2  | Noticed Bai Suzhen
 40999 | Crypt:2  | Killed Bai Suzhen
 40999 | Crypt:2  | Reached XP level 22. HP: 173/194 MP: 28/28
 41164 | Crypt:3  | Entered Level 3 of the Crypt
 41599 | Crypt:3  | Found the +8 demon blade "Leech" {vamp, rN+ AC-3 EV-3}
 42048 | Crypt:3  | Found a staircase to the Tomb.
 42706 | Crypt:3  | Found an ancient bone altar of Kikubaaqudgha.
 42708 | Crypt:3  | Noticed an ancient lich
 42724 | Crypt:3  | Killed an ancient lich
 42726 | Crypt:3  | Noticed an ancient lich
 42734 | Crypt:3  | Killed an ancient lich
 42850 | Crypt:3  | Noticed an ancient lich
 42863 | Crypt:3  | Killed an ancient lich
 43346 | D:14     | Bought a scroll of blinking for 97 gold pieces
 43346 | D:14     | Bought a scroll of teleportation for 39 gold pieces
 43346 | D:14     | Bought a scroll of blinking for 97 gold pieces
 43346 | D:14     | Bought a scroll of acquirement for 676 gold pieces
 43346 | D:14     | Bought a scroll of identify for 26 gold pieces
 43346 | D:14     | Bought a scroll of identify for 26 gold pieces
 43346 | D:14     | Bought a scroll of enchant armour for 97 gold pieces
 43352 | D:14     | Got a scorched war axe
 43354 | D:14     | Identified the +6 war axe of a sewer {drain, *Corrode +Rage rC+} (You acquired it on level 14 of the Dungeon)
 43732 | Spider:1 | Killed Oxekhov's ghost
 43736 | Spider:1 | Identified the cursed +0 demon trident of Infinity {chaos, rC+} (You subdued it on level 1 of the Spider Nest)
 44002 | Vaults:2 | Found Noal's Assorted Antiques.
 44056 | Vaults:2 | Killed Luyjis's ghost
 44056 | Vaults:2 | Reached skill level 10 in Invocations
 44587 | Vaults:3 | Killed Oziu's ghost
 44605 | Vaults:3 | Reached skill level 5 in Shields
 44624 | Vaults:3 | Bought a scroll labeled NEIFOILUXT for 31 gold pieces
 44624 | Vaults:3 | Bought a scroll of enchant weapon for 232 gold pieces
 44624 | Vaults:3 | Bought a scroll of identify for 62 gold pieces
 44891 | Depths:1 | Entered Level 1 of the Depths
 44894 | Depths:1 | Noticed Louise
 44920 | Depths:1 | Killed Louise
 44982 | Depths:1 | Found Itetik's Demolitions Depot.
 45002 | Depths:1 | Found a one-way gate to the infinite horrors of the Abyss.
 45025 | Depths:1 | Found the +7 sceptre of Torment
 45529 | Depths:1 | Found a gateway to Hell.
 45558 | Depths:1 | Reached XP level 23. HP: 200/200 MP: 30/30
 45875 | Depths:2 | Noticed the Enchantress
 45882 | Depths:2 | Reached skill level 10 in Shields
 45893 | Depths:2 | Killed the Enchantress
 45910 | Depths:2 | Got faerie dragon scales
 45914 | Depths:2 | Found a radiant altar of Vehumet.
 45986 | Depths:2 | Got a slimy cloak
 45996 | Depths:2 | Identified the +7 faerie dragon scales {+Inv Regen+ rCorr MP+9 Dex+3} (You found it on level 2 of the Depths)
 46007 | Depths:2 | Identified the +1 cloak of Dume {rN+} (You found it on level 2 of the Depths)
 46019 | Depths:2 | Identified the cursed +0 scale mail "Qeorug" {rC++ MR+ Str-2 Dex+4} (You found it on level 2 of the Depths)
 46114 | Depths:2 | Found Gepsith's Jewellery Shoppe.
 46115 | Depths:2 | Found Muxzallyxe's Gadget Boutique.
 46115 | Depths:2 | Found Oqeitz's Gadget Boutique.
 47266 | Depths:3 | Found a gateway to a ziggurat.
 47489 | Depths:3 | Noticed a greater mummy
 47497 | Depths:3 | Killed a greater mummy
 47506 | Depths:3 | Got a translucent platinum ring
 47517 | Depths:3 | Identified the ring "Zisinauph" {rPois rC+ Int+8 Dex-5} (You found it on level 3 of the Depths)
 47748 | Depths:3 | Found a one-way gate leading to the halls of Pandemonium.
 47871 | Depths:3 | Noticed Asterion
 47885 | Depths:3 | Killed Asterion
 48490 | Depths:4 | Mutation became permanent: Your flesh is heat resistant. (rF+) [demonic ancestry]
 48490 | Depths:4 | Gained mutation: Your flesh is heat resistant. (rF+) [demonic ancestry]
 48490 | Depths:4 | Reached XP level 24. HP: 208/208 MP: 30/30
 48505 | Depths:4 | Reached skill level 15 in Shields
 48507 | Depths:4 | Reached skill level 1 in Spellcasting
 48791 | Depths:4 | Reached skill level 5 in Spellcasting
 48948 | Depths:4 | Identified the +0 ring mail of the Hart {Slay+5} (You took it off a deep elf blademaster on level 4 of the Depths)
 49245 | Depths:4 | Found an iron altar of Okawaru.
 49368 | Depths:4 | Identified the +3 eveningstar of Compulsion {crush, rPois Stlth+} (You took it off a draconian knight on level 4 of the Depths)
 49418 | Depths:4 | Got a pair of warped boots
 49422 | Depths:4 | Identified the +1 pair of boots of Valiance {Int+5 Dex+4} (You found it on level 4 of the Depths)
 49472 | Depths:5 | Entered Level 5 of the Depths
 49649 | Depths:5 | Found Kearheot's Book Emporium.
 49782 | Depths:5 | Found a runed door.
 49784 | Depths:5 | Noticed Keulexze's ghost (veteran CeHu)
 49814 | Depths:5 | Got a pair of crude boots
 49842 | Depths:5 | Reached skill level 10 in Spellcasting
 49890 | Depths:5 | Identified the +2 pair of boots "Qololeif" {rElec rC- Str+5} (You found it on level 5 of the Depths)
 50035 | Depths:5 | Found a gate to the Realm of Zot.
 50494 | Vaults:5 | Entered Level 5 of the Vaults
 50524 | Vaults:5 | Cast into level 2 of the Abyss (vault guard)
 50704 | Vaults:5 | Escaped the Abyss
 50710 | Vaults:5 | Noticed an ancient lich
 50726 | Vaults:5 | Killed an ancient lich
 50726 | Vaults:5 | Reached XP level 25. HP: 214/214 MP: 39/39
 51094 | Vaults:5 | Noticed an ancient lich
 51110 | Vaults:5 | Killed an ancient lich
 51115 | Vaults:5 | Reached skill level 15 in Spellcasting
 51264 | Vaults:5 | Identified Qoenag's Handbook of Talismans
 51319 | Vaults:5 | Identified Lavi's Tome of the Traveller and the Rocks
 51750 | Vaults:5 | Got a silver rune of Zot
 51922 | Vaults:5 | Got a translucent bone ring
 52191 | Vaults:5 | Found the +2 hat of the Bear Spirit {Spirit, +Rage rN+ MR++}
 52406 | Vaults:5 | Identified the ring of Hegah {rPois rN+ MR- Str+5 SInv Stlth+} (You took it off a deep elf mage on level 5 of the Vaults)
 52407 | Vaults:5 | Identified the +8 ice dragon scales "Naihoegi" {rF- rC++ Str-2 Int+3 Dex+2} (You found it on level 5 of the Vaults)
 53034 | Depths:5 | Killed Keulexze's ghost
 53037 | Depths:5 | Identified the ring of the Lumpy Blessings {rCorr +Blink Slay+2} (You found it on level 5 of the Depths)
 53065 | Zot:1    | Entered Level 1 of the Realm of Zot
 53087 | Zot:1    | Gained mutation: You are immune to clouds of flame. [demonic ancestry]
 53087 | Zot:1    | Reached XP level 26. HP: 222/222 MP: 44/44
 53126 | Zot:1    | Noticed Jorund's ghost (veteran DsFi)
 53205 | Zot:1    | Found a transporter.
 53211 | Zot:1    | Found a transporter.
 53224 | Zot:1    | Learned a level 2 spell: Blink
 53227 | Zot:1    | Learned a level 2 spell: Swiftness
 53661 | Zot:1    | Reached skill level 1 in Charms
 53661 | Zot:1    | Reached skill level 1 in Translocations
 53661 | Zot:1    | Reached skill level 1 in Air Magic
 53938 | Zot:1    | Learned a level 3 spell: Regeneration
 54161 | Zot:1    | Reached skill level 1 in Necromancy
 55261 | Zot:2    | Reached skill level 5 in Necromancy
 55676 | Zot:3    | Reached skill level 5 in Charms
 55676 | Zot:3    | Reached skill level 5 in Translocations
 56117 | Zot:3    | Noticed an orb of fire
 56169 | Zot:3    | Gained mutation: You tend to lose your temper in combat. [an orb of fire]
 56178 | Zot:3    | Killed an orb of fire
 56745 | Zot:3    | Lost mutation: You tend to lose your temper in combat. [potion of mutation]
 56745 | Zot:3    | Lost mutation: Your muscles are strong. (Str +2) [potion of mutation]
 56745 | Zot:3    | Gained mutation: You tend to lose your temper in combat. [potion of mutation]
 56745 | Zot:3    | Gained mutation: You can translocate small distances at will. [potion of mutation]
 56746 | Zot:3    | Lost mutation: You are resistant to hostile enchantments. (MR+) [potion of mutation]
 56746 | Zot:3    | Gained mutation: You are clumsy. (Dex -2) [potion of mutation]
 56746 | Zot:3    | Gained mutation: Your system is resistant to poisons. (rPois) [potion of mutation]
 56746 | Zot:3    | Gained mutation: You have an increased reservoir of magic. (+10% MP) [potion of mutation]
 56746 | Zot:3    | Gained mutation: Your mind is acute. (Int +2) [potion of mutation]
 56747 | Zot:3    | Lost mutation: Your system is resistant to poisons. (rPois) [potion of mutation]
 56747 | Zot:3    | Lost mutation: You tend to lose your temper in combat. [potion of mutation]
 56747 | Zot:3    | Lost mutation: You are clumsy. (Dex -2) [potion of mutation]
 56747 | Zot:3    | Gained mutation: You are somewhat resistant to further mutation. [potion of mutation]
 56747 | Zot:3    | Gained mutation: You are agile. (Dex +2) [potion of mutation]
 57477 | Slime:1  | Entered Level 1 of the Pits of Slime
 57487 | Slime:2  | Gained mutation: Your body sometimes deteriorates upon taking damage. [a shining eye]
 57647 | Slime:3  | Gained mutation: You can hurl damnation. [demonic ancestry]
 57647 | Slime:3  | Reached XP level 27. HP: 229/229 MP: 50/50
 57754 | Slime:5  | Entered Level 5 of the Pits of Slime
 57856 | Slime:5  | Found a viscous altar of Jiyva.
 57857 | Slime:5  | Noticed the Royal Jelly
 57893 | Slime:5  | Killed the Royal Jelly
 57994 | Slime:5  | Got a flickering granite ring
 58038 | Slime:5  | Identified the ring of Biej {+Fly MP+9 Str+2 Dex+2} (You found it on level 5 of the Pits of Slime)
 58074 | Slime:5  | Got a slimy rune of Zot
 58094 | Slime:5  | Identified the ring "Fuoq" {EV+5 Str+3} (You found it on level 5 of the Pits of Slime)
 58441 | Depths:1 | Voluntarily entered the Abyss.
 59364 | Abyss:5  | Entered Level 5 of the Abyss
 59365 | Abyss:5  | Found a corrupted altar of Lugonu.
 59374 | Abyss:5  | Upgraded the game from 0.22-b1-21-g5cfc1688f2 to 0.22-b1-26-g9dbaab1112
 59597 | Abyss:5  | Found a corrupted altar of Lugonu.
 59616 | Abyss:5  | Found a transporter.
 59774 | Abyss:5  | Paralysed by accursed screaming for 1 turns
 59922 | Abyss:5  | Paralysed by accursed screaming for 1 turns
 59991 | Abyss:5  | Lost mutation: You have an increased reservoir of magic. (+10% MP) [a neqoxec]
 60101 | Abyss:5  | Noticed an ancient lich
 60142 | Abyss:5  | Killed an ancient lich
 60247 | Abyss:5  | Paralysed by accursed screaming for 1 turns
 60307 | Abyss:5  | Got an abyssal rune of Zot
 60325 | Depths:1 | Escaped the Abyss
 60376 | Depths:3 | Learned a level 3 spell: Stone Arrow
 60432 | Pan      | Entered Pandemonium
 60486 | Pan      | Got a pair of translucent gloves
 60508 | Pan      | Reached skill level 1 in Conjurations
 60528 | Pan      | Identified the +2 pair of gloves of Life {rF- MP+9 Dex+5 Stlth+} (You found it in Pandemonium)
 60549 | Pan      | Reached skill level 1 in Earth Magic
 60557 | Pan      | Noticed Ryx Yrr the pandemonium lord
 60578 | Pan      | Killed Ryx Yrr the pandemonium lord
 60937 | Pan      | Noticed Orheclur the pandemonium lord
 60964 | Pan      | HP: 8/247 [Orheclur the pandemonium lord/crystal spear (107)]
 60975 | Pan      | Killed Orheclur the pandemonium lord
 61635 | Pan      | Reached skill level 27 in Fighting
 61910 | Pan      | Noticed Cofupn the pandemonium lord
 61920 | Pan      | Killed Cofupn the pandemonium lord
 62361 | Pan      | Got a demonic rune of Zot
 62774 | Pan      | Noticed Cyhowics the pandemonium lord
 62788 | Pan      | Killed Cyhowics the pandemonium lord
 63481 | Pan      | Entered the realm of Mnoleg.
 63522 | Pan      | Gained mutation: You occasionally shout uncontrollably at your foes. [a cacodemon]
 63563 | Pan      | Found an exit through the horrors of the Abyss.
 63723 | Pan      | Gained mutation: You are weak. (Str -2) [a cacodemon]
 64118 | Pan      | Gained mutation: You tend to lose your temper in combat. [a neqoxec]
 64155 | Pan      | Lost mutation: You are weak. (Str -2) [potion of mutation]
 64155 | Pan      | Lost mutation: You are agile. (Dex +2) [potion of mutation]
 64155 | Pan      | Lost mutation: You tend to lose your temper in combat. [potion of mutation]
 64155 | Pan      | Gained mutation: Your system is resistant to poisons. (rPois) [potion of mutation]
 64214 | Pan      | Noticed Mnoleg
 64239 | Pan      | Killed Mnoleg
 64282 | Pan      | Got a glowing rune of Zot
 64404 | Pan      | Noticed Jauhiawe the pandemonium lord
 64424 | Pan      | Killed Jauhiawe the pandemonium lord
 65060 | Pan      | Gained mutation: You are frail. (-10% HP) [a cacodemon]
 65077 | Pan      | Noticed Litub the pandemonium lord
 65108 | Pan      | Killed Litub the pandemonium lord
 65799 | Pan      | Entered the realm of Cerebov.
 66037 | Pan      | Lost mutation: You are frail. (-10% HP) [potion of mutation]
 66037 | Pan      | Lost mutation: Your body sometimes deteriorates upon taking damage. [potion of mutation]
 66037 | Pan      | Lost mutation: You occasionally shout uncontrollably at your foes. [potion of mutation]
 66037 | Pan      | Gained mutation: You passively map a small area around you. [potion of mutation]
 66997 | Pan      | Noticed Cerebov
 67148 | Pan      | Identified the +3 chain mail of the Immovable Tales {Int+4} (You found it in Pandemonium)
 67156 | Pan      | Identified the ring of Luesirch {Ice rPois Int+2 Dex+3} (You found it in Pandemonium)
 67519 | Pan      | Killed Cerebov
 67532 | Pan      | Got a fiery rune of Zot
 68211 | Pan      | Noticed Pothrutipt the pandemonium lord
 68221 | Pan      | Killed Pothrutipt the pandemonium lord
 69142 | Pan      | Found a runed door.
 69152 | Pan      | Found a runed door.
 69515 | Pan      | Found a runed door.
 69525 | Pan      | Found a runed door.
 69934 | Pan      | Noticed Poheamp the pandemonium lord
 69954 | Pan      | Killed Poheamp the pandemonium lord
 70095 | Pan      | Noticed Jeamease the pandemonium lord
 70106 | Pan      | Killed Jeamease the pandemonium lord
 70260 | Pan      | Found an exit through the horrors of the Abyss.
 70924 | Pan      | Got a fine war axe
 70925 | Pan      | Identified the +4 war axe of Inflation {freeze, MR+} (You acquired it in Pandemonium)
 71553 | Pan      | Entered the realm of Gloorx Vloq.
 71824 | Pan      | Reached skill level 27 in Axes
 72080 | Pan      | Found an exit through the horrors of the Abyss.
 72761 | Pan      | Noticed Gloorx Vloq
 72805 | Pan      | Killed Gloorx Vloq
 73115 | Pan      | Got a dark rune of Zot
 73230 | Pan      | Entered the realm of Lom Lobon.
 73230 | Pan      | Noticed Lom Lobon
 74568 | Pan      | Killed Lom Lobon
 74595 | Pan      | Got a magical rune of Zot
 75118 | Pan      | Found an exit through the horrors of the Abyss.
 75528 | Pan      | Noticed Lezuvak the pandemonium lord
 75558 | Pan      | Killed Lezuvak the pandemonium lord
 75661 | Pan      | Noticed Vapadoop the pandemonium lord
 75678 | Pan      | Killed Vapadoop the pandemonium lord
 75684 | Pan      | Identified the Almanac of the Glacial Voyage
 75901 | Pan      | Got a scorched lead ring
 76114 | Pan      | Found an exit through the horrors of the Abyss.
 76587 | Pan      | Found a runed door.
 76624 | Pan      | Found an exit through the horrors of the Abyss.
 76851 | Pan      | HP: 1/249 [Hell Sentinel/damnation (34)]
 77467 | Pan      | Noticed Ustrokoch the pandemonium lord
 77492 | Pan      | Killed Ustrokoch the pandemonium lord
 77615 | Pan      | Found an exit through the horrors of the Abyss.
 78317 | Pan      | Found an exit through the horrors of the Abyss.
 78492 | Pan      | Identified the ring "Vana Fobu" {rCorr -Tele Str+5} (You found it in Pandemonium)
 78535 | Pan      | Lost mutation: Your mind is acute. (Int +2) [a neqoxec]
 78803 | Pan      | Noticed Uzetsuach the pandemonium lord
 78816 | Pan      | Killed Uzetsuach the pandemonium lord
 79194 | Pan      | Found an exit through the horrors of the Abyss.
 79255 | Pan      | Noticed Cureil Tarot the pandemonium lord
 79285 | Pan      | Killed Cureil Tarot the pandemonium lord
 80444 | Pan      | Gained mutation: Scrolls take you a little longer to read. [a neqoxec]
 80912 | Pan      | Noticed Vaodgh the pandemonium lord
 80925 | Pan      | Killed Vaodgh the pandemonium lord
 81088 | Pan      | Found an exit through the horrors of the Abyss.
 81619 | Pan      | Noticed Huegyo the pandemonium lord
 81695 | Pan      | Got a pitted marble ring
 81698 | Pan      | Identified the ring "Zewkop" {+Fly Dex+4} (You acquired it in Pandemonium)
 81708 | Pan      | Found an exit through the horrors of the Abyss.
 82077 | Pan      | Found an exit through the horrors of the Abyss.
 82498 | Pan      | Noticed Ignacio
 82528 | Pan      | Killed Ignacio
 82632 | Pan      | Reached skill level 10 in Dodging
 83546 | Pan      | Noticed Moenuqio the pandemonium lord
 83596 | Pan      | Killed Moenuqio the pandemonium lord
 83992 | Pan      | Found an exit through the horrors of the Abyss.
 84138 | Pan      | Lost mutation: You can translocate small distances at will. [potion of mutation]
 84138 | Pan      | Lost mutation: Scrolls take you a little longer to read. [potion of mutation]
 84138 | Pan      | Lost mutation: You are somewhat resistant to further mutation. [potion of mutation]
 84138 | Pan      | Lost mutation: Your system is resistant to poisons. (rPois) [potion of mutation]
 84138 | Pan      | Gained mutation: You are agile. (Dex +2) [potion of mutation]
 84138 | Pan      | Gained mutation: You are very agile. (Dex +4) [potion of mutation]
 84257 | Pan      | Noticed Wydicemp the pandemonium lord
 84289 | Pan      | Killed Wydicemp the pandemonium lord
 84835 | Pan      | Got a fine brass ring
 84836 | Pan      | Identified the ring of Lekuxo Urodd {+Fly rF++ Str-2 Slay+6} (You acquired it in Pandemonium)
 85415 | Pan      | Found a runed door.
 85431 | Pan      | Found a runed door.
 85439 | Pan      | Found an exit through the horrors of the Abyss.
 85592 | Pan      | Found a runed door.
 85600 | Pan      | Found a runed door.
 85852 | Pan      | Noticed Ziatsoz the pandemonium lord
 85878 | Pan      | Killed Ziatsoz the pandemonium lord
 86738 | Pan      | Found an exit through the horrors of the Abyss.
 87158 | Pan      | Reached skill level 15 in Dodging
 87220 | Pan      | Identified the Almanac of Toxic Earth
 87268 | Depths:3 | Escaped Pandemonium
 87280 | Zig:1    | Entered Level 1 of a ziggurat
 87305 | Zig:2    | Entered Level 2 of a ziggurat
 87339 | Zig:2    | Reached skill level 5 in Conjurations
 87350 | Zig:3    | Entered Level 3 of a ziggurat
 87368 | Zig:3    | Identified Wuop's Papyrus of Mutagenic Summoning
 87379 | Zig:4    | Entered Level 4 of a ziggurat
 87410 | Zig:5    | Entered Level 5 of a ziggurat
 87468 | Zig:6    | Entered Level 6 of a ziggurat
 87472 | Zig:6    | Noticed a juggernaut
 87472 | Zig:6    | Noticed a juggernaut
 87490 | Zig:6    | Killed a juggernaut
 87494 | Zig:6    | Killed a juggernaut
 87525 | Zig:7    | Entered Level 7 of a ziggurat
 87706 | Zig:8    | Entered Level 8 of a ziggurat
 87714 | Zig:8    | Noticed an ancient lich
 87716 | Zig:8    | Found the +8 glaive of the Guard {elec, +Rage AC+5 SInv}
 87728 | Zig:8    | Killed an ancient lich
 87748 | Zig:8    | Identified the Volume of Orientation and the Oath
 87761 | Zig:9    | Entered Level 9 of a ziggurat
 87777 | Zig:9    | Reached skill level 10 in Conjurations
 87842 | Zig:9    | Learned a level 3 spell: Lesser Beckoning
 87846 | Zig:10   | Entered Level 10 of a ziggurat
 87911 | Zig:10   | Identified Sif Muna's Compendium of Dislocation and Intoxication
 87931 | Zig:11   | Entered Level 11 of a ziggurat
 87984 | Zig:11   | Identified Mest's Volume of Blistering Transmigration
 87993 | Zig:11   | Identified the +4 battleaxe "Menium" {holy, MR+ Str+2 SInv} (You found it on level 11 of a ziggurat)
 87998 | Zig:12   | Entered Level 12 of a ziggurat
 88079 | Zig:12   | Identified the +2 ring mail of Instinct {rElec rN++} (You found it on level 12 of a ziggurat)
 88085 | Zig:13   | Entered Level 13 of a ziggurat
 88099 | Zig:13   | Reached skill level 1 in Evocations
 88127 | Zig:13   | Reached skill level 5 in Evocations
 88174 | Zig:13   | Identified the Papyrus of the Bewitching Rocks
 88176 | Zig:13   | Identified the Collected Works on Poisonous Moulding
 88185 | Zig:14   | Entered Level 14 of a ziggurat
 88201 | Zig:14   | Noticed a juggernaut
 88201 | Zig:14   | Noticed a juggernaut
 88202 | Zig:14   | Noticed a juggernaut
 88202 | Zig:14   | Noticed a juggernaut
 88202 | Zig:14   | Noticed a juggernaut
 88211 | Zig:14   | Reached skill level 1 in Hexes
 88213 | Zig:14   | Killed a juggernaut
 88214 | Zig:14   | Killed a juggernaut
 88214 | Zig:14   | Reached skill level 5 in Hexes
 88217 | Zig:14   | Killed a juggernaut
 88219 | Zig:14   | Killed a juggernaut
 88224 | Zig:14   | Killed a juggernaut
 88248 | Zig:14   | Reached skill level 10 in Hexes
 88264 | Zig:15   | Entered Level 15 of a ziggurat
 88296 | Zig:15   | Reached skill level 10 in Evocations
 88326 | Zig:15   | Found the +7 Kryia's mail coat {PotionHeal*2 rC+}
 88362 | Zig:15   | Identified the amulet of Nemelex Xobeh's Whim {Gourm rPois rN+ Stlth-} (You found it on level 15 of a ziggurat)
 88372 | Zig:16   | Entered Level 16 of a ziggurat
 88392 | Zig:16   | Noticed Akuezas the pandemonium lord
 88393 | Zig:16   | Noticed Nuyliv the pandemonium lord
 88393 | Zig:16   | Noticed Cicen the pandemonium lord
 88404 | Zig:16   | Noticed Baplet the pandemonium lord
 88417 | Zig:16   | Killed Akuezas the pandemonium lord
 88423 | Zig:16   | Killed Cicen the pandemonium lord
 88425 | Zig:16   | Noticed Tuph the pandemonium lord
 88434 | Zig:16   | Killed Baplet the pandemonium lord
 88441 | Zig:16   | Paralysed by a floating eye for 3 turns
 88450 | Zig:16   | Killed Nuyliv the pandemonium lord
 88454 | Zig:16   | Killed Tuph the pandemonium lord
 88522 | Zig:16   | Learned a level 5 spell: Fireball
 88528 | Zig:17   | Entered Level 17 of a ziggurat
 88616 | Zig:17   | Reached skill level 5 in Fire Magic
 88753 | Zig:17   | Identified the ring "Ihiqa" {rF+ rC+} (You found it on level 17 of a ziggurat)
 88756 | Zig:17   | Identified the ring of Loz Cicwo {rElec rN+} (You found it on level 17 of a ziggurat)
 88762 | Zig:17   | Identified the amulet of Leyrimuxo {+Rage rPois} (You found it on level 17 of a ziggurat)
 88763 | Zig:17   | Identified the Handbook of Venomous Hexes
 88767 | Zig:17   | Identified the Almanac of Malediction and the Glacier
 88788 | Zig:18   | Entered Level 18 of a ziggurat
 88808 | Zig:18   | Noticed Quweudol the pandemonium lord
 88809 | Zig:18   | Noticed Asiamueq the pandemonium lord
 88809 | Zig:18   | Noticed Jidobrut the pandemonium lord
 88809 | Zig:18   | Noticed Yrerph the pandemonium lord
 88820 | Zig:18   | Killed Quweudol the pandemonium lord
 88822 | Zig:18   | Noticed Ymyoxih the pandemonium lord
 88825 | Zig:18   | Noticed Qoost the pandemonium lord
 88833 | Zig:18   | Killed Asiamueq the pandemonium lord
 88840 | Zig:18   | Killed Yrerph the pandemonium lord
 88862 | Zig:18   | Killed Ymyoxih the pandemonium lord
 88873 | Zig:18   | Killed Qoost the pandemonium lord
 88929 | Zig:18   | Killed Jidobrut the pandemonium lord
 88946 | Zig:18   | Identified the Tome of Boosts and the Mountains
 88958 | Zig:18   | Identified the Papyrus of Illusion
 88974 | Zig:18   | Identified the ring "Doilaely" {rPois rC++ rN+ SInv} (You found it on level 18 of a ziggurat)
 89003 | Zig:19   | Entered Level 19 of a ziggurat
 89066 | Zig:19   | Reached skill level 10 in Fire Magic
 89120 | Zig:19   | Found the +15 Maxwell's patent armour {-Cast -Tele rElec MR+ rCorr}
 89130 | Zig:19   | Identified the amulet of Sazunt {Gourm +Fly rElec rPois SInv} (You found it on level 19 of a ziggurat)
 89139 | Zig:19   | Identified the Papyrus of Combat Magic
 89150 | Zig:19   | Identified the cursed +1 ring mail of Yschocoamn {rN+ MR+} (You found it on level 19 of a ziggurat)
 89166 | Zig:20   | Entered Level 20 of a ziggurat
 89185 | Zig:20   | Noticed Harom the pandemonium lord
 89190 | Zig:20   | Noticed Soakanip the pandemonium lord
 89191 | Zig:20   | Noticed Weibil the pandemonium lord
 89192 | Zig:20   | Noticed Naimaum the pandemonium lord
 89193 | Zig:20   | Noticed Yrutyk the pandemonium lord
 89195 | Zig:20   | Noticed Wiuq the pandemonium lord
 89223 | Zig:20   | Noticed Mylukhou the pandemonium lord
 89226 | Zig:20   | Noticed Fetof the pandemonium lord
 89226 | Zig:20   | Noticed Moagicwe the pandemonium lord
 89240 | Zig:20   | Noticed Ricoc the pandemonium lord
 89243 | Zig:20   | Noticed Dusuure Uxov the pandemonium lord
 89262 | Zig:20   | Cast into level 5 of the Abyss (you)
 89262 | Abyss:5  | Entered Level 5 of the Abyss
 89543 | Zig:20   | Escaped the Abyss
 89549 | Zig:20   | Identified the ring "Peggod" {+Fly rPois rC+ Str-2} (You found it on level 20 of a ziggurat)
 89552 | Zig:21   | Entered Level 21 of a ziggurat
 89653 | Zig:21   | Reached skill level 15 in Conjurations
 89870 | Zig:21   | Identified the ring "Jeajemio" {rCorr *Drain rElec Int+8} (You found it on level 21 of a ziggurat)
 89885 | Zig:21   | Identified the Disquisition on Displacement and Enchantment
 89889 | Zig:21   | Identified Puuskib's Volume of Mutagenic Conjuration
 89891 | Zig:21   | Identified the Reference Book on Lightness
 89966 | Zig:22   | Entered Level 22 of a ziggurat
 90145 | Zig:22   | Identified the ring "Ekoymesu" {rC++ AC+1 Int+2} (You found it on level 22 of a ziggurat)
 90150 | Zig:22   | Identified the ring of the Scarab {Wiz rF- Int+3 SInv} (You found it on level 22 of a ziggurat)
 90174 | Zig:23   | Entered Level 23 of a ziggurat
 90182 | Zig:23   | Lost mutation: You are very agile. (Dex +4) [potion of mutation]
 90182 | Zig:23   | Lost mutation: You passively map a small area around you. [potion of mutation]
 90182 | Zig:23   | Gained mutation: Your mind is acute. (Int +2) [potion of mutation]
 90182 | Zig:23   | Gained mutation: You can translocate small distances at will. [potion of mutation]
 90183 | Zig:23   | Lost mutation: You are agile. (Dex +2) [potion of mutation]
 90183 | Zig:23   | Lost mutation: Your mind is acute. (Int +2) [potion of mutation]
 90183 | Zig:23   | Gained mutation: Your spells are a little easier to cast, but a little less powerful. [potion of mutation]
 90183 | Zig:23   | Gained mutation: You do not regenerate when monsters are visible. [potion of mutation]
 90183 | Zig:23   | Gained mutation: You have large cloven feet. [potion of mutation]
 90184 | Zig:23   | Lost mutation: Your spells are a little easier to cast, but a little less powerful. [potion of mutation]
 90184 | Zig:23   | Lost mutation: You have large cloven feet. [potion of mutation]
 90184 | Zig:23   | Gained mutation: You are robust. (+10% HP) [potion of mutation]
 90184 | Zig:23   | Gained mutation: You tend to lose your temper in combat. [potion of mutation]
 90184 | Zig:23   | Lost mutation: You tend to lose your temper in combat. [potion of mutation]
 90185 | Zig:23   | Lost mutation: You do not regenerate when monsters are visible. [potion of mutation]
 90185 | Zig:23   | Lost mutation: You are robust. (+10% HP) [potion of mutation]
 90185 | Zig:23   | Gained mutation: Your spells are a little easier to cast, but a little less powerful. [potion of mutation]
 90185 | Zig:23   | Gained mutation: You have sharp toenails. [potion of mutation]
 90186 | Zig:23   | Lost mutation: Your spells are a little easier to cast, but a little less powerful. [potion of mutation]
 90186 | Zig:23   | Lost mutation: You have sharp toenails. [potion of mutation]
 90186 | Zig:23   | Lost mutation: You can translocate small distances at will. [potion of mutation]
 90186 | Zig:23   | Gained mutation: Your muscles are strong. (Str +2) [potion of mutation]
 90186 | Zig:23   | Gained mutation: You possess an exceptional clarity of mind. [potion of mutation]
 90410 | Zig:23   | Identified the +0 ring mail "Mecafon" {Int+3} (You found it on level 23 of a ziggurat)
 90414 | Zig:24   | Entered Level 24 of a ziggurat
 90436 | Zig:24   | Noticed an ancient lich
 90436 | Zig:24   | Noticed an ancient lich
 90439 | Zig:24   | Noticed an ancient lich
 90440 | Zig:24   | Noticed an ancient lich
 90454 | Zig:24   | Killed an ancient lich
 90465 | Zig:24   | Killed an ancient lich
 90484 | Zig:24   | Killed an ancient lich
 90486 | Zig:24   | Killed an ancient lich
 90511 | Zig:24   | Reached skill level 15 in Fire Magic
 90558 | Zig:24   | Found the +9 sword of Zonguldrok {reap}
 90580 | Zig:24   | Identified Ymuegg's Incunabulum of Dusty Moulding
 90601 | Zig:24   | Identified the ring of Xebrucon {Str+4 SInv} (You found it on level 24 of a ziggurat)
 90609 | Zig:25   | Entered Level 25 of a ziggurat
 90813 | Zig:25   | Paralysed by a floating eye for 4 turns
 90822 | Zig:25   | Found the +18 shield of the Gong {rElec rN+ MR+ EV-5}
 90823 | Zig:25   | Found the -2 hat of the Alchemist {rElec rPois rF+ rC+ rN+ MR+ rMut rCorr}
 90844 | Zig:25   | Identified the Catalogue of Dusty Ice
 90879 | Zig:25   | Identified the cursed +1 ring mail of Conscience {+Blink Regen+} (You found it on level 25 of a ziggurat)
 90883 | Zig:25   | Identified the cursed +0 ring mail of Fun {+Fly rF- rCorr} (You found it on level 25 of a ziggurat)
 90891 | Zig:26   | Entered Level 26 of a ziggurat
 90913 | Zig:26   | Noticed Qubaz the pandemonium lord
 90938 | Zig:26   | Noticed Ruck the pandemonium lord
 90951 | Zig:26   | Killed Qubaz the pandemonium lord
 90962 | Zig:26   | Killed Ruck the pandemonium lord
 91015 | Zig:26   | Noticed Map Hanwo the pandemonium lord
 91021 | Zig:26   | Noticed Zepaonka the pandemonium lord
 91021 | Zig:26   | Noticed Moadino the pandemonium lord
 91025 | Zig:26   | Noticed Buduroch the pandemonium lord
 91027 | Zig:26   | Killed Map Hanwo the pandemonium lord
 91028 | Zig:26   | Noticed Zyvuom the pandemonium lord
 91030 | Zig:26   | Noticed Qiurch the pandemonium lord
 91037 | Zig:26   | Noticed Congapeq the pandemonium lord
 91040 | Zig:26   | Killed Buduroch the pandemonium lord
 91043 | Zig:26   | Noticed Tir Lutz the pandemonium lord
 91044 | Zig:26   | Noticed Gyomeon the pandemonium lord
 91059 | Zig:26   | Killed Qiurch the pandemonium lord
 91061 | Zig:26   | Killed Moadino the pandemonium lord
 91066 | Zig:26   | Killed Congapeq the pandemonium lord
 91066 | Zig:26   | Noticed Wuonoz the pandemonium lord
 91069 | Zig:26   | Killed Zepaonka the pandemonium lord
 91072 | Zig:26   | Noticed Zafalis the pandemonium lord
 91077 | Zig:26   | Killed Tir Lutz the pandemonium lord
 91077 | Zig:26   | Killed Zyvuom the pandemonium lord
 91077 | Zig:26   | Noticed Ximegid the pandemonium lord
 91077 | Zig:26   | Noticed Weclini the pandemonium lord
 91095 | Zig:26   | Killed Weclini the pandemonium lord
 91097 | Zig:26   | Killed Zafalis the pandemonium lord
 91106 | Zig:26   | Noticed Sepeupinel the pandemonium lord
 91106 | Zig:26   | Killed Wuonoz the pandemonium lord
 91108 | Zig:26   | Killed Ximegid the pandemonium lord
 91116 | Zig:26   | Noticed Dosy the pandemonium lord
 91125 | Zig:26   | Killed Sepeupinel the pandemonium lord
 91133 | Zig:26   | Killed Gyomeon the pandemonium lord
 91135 | Zig:26   | Noticed Xucrefim the pandemonium lord
 91136 | Zig:26   | Killed Dosy the pandemonium lord
 91148 | Zig:26   | Killed Xucrefim the pandemonium lord
 91158 | Zig:26   | Noticed Rewnaub the pandemonium lord
 91184 | Zig:26   | Killed Rewnaub the pandemonium lord
 91249 | Zig:26   | Found the +9 heavy crossbow "Sniper" {velocity, Acc+∞ SInv}
 91262 | Zig:26   | Found the +10 morningstar "Eos" {elec, Halo rElec}
 91285 | Zig:26   | Identified the +6 plate armour of Wariness {*Corrode rF+++ MR+++ Stlth-} (You found it on level 26 of a ziggurat)
 91286 | Zig:26   | Identified the Papyrus of Venomous Summoning
 91291 | Zig:26   | Identified the +8 chain mail of Light {rF- Dex+3 SInv} (You found it on level 26 of a ziggurat)
 91299 | Zig:26   | Identified the +4 battleaxe "Dylaak" {antimagic, rF+ rN+ Dex+4} (You found it on level 26 of a ziggurat)
 91320 | Zig:27   | Entered Level 27 of a ziggurat
 91552 | Zig:27   | Got a flickering copper ring
 91553 | Zig:27   | Identified the ring "Ysudiamm" {rPois rF+ rN+ Str+3} (You found it on level 27 of a ziggurat)
 91578 | Zig:27   | Identified the cursed +1 chain mail of Feheugg {rElec rPois rCorr Dex-4} (You found it on level 27 of a ziggurat)
 91580 | Zig:27   | Identified the +4 broad axe of Malaise {antimagic, rC- Int+5 Stlth+} (You found it on level 27 of a ziggurat)
 91584 | Zig:27   | Identified the Papyrus of Flamy Cold
 91586 | Zig:27   | Identified the Almanac of Beguiling
 91648 | Zig:1    | Entered Level 1 of a ziggurat
 91672 | Zig:2    | Entered Level 2 of a ziggurat
 91699 | Zig:3    | Entered Level 3 of a ziggurat
 91742 | Zig:4    | Entered Level 4 of a ziggurat
 91744 | Zig:4    | Noticed an orb of fire
 91745 | Zig:4    | Noticed an orb of fire
 91754 | Zig:4    | Gained mutation: You are dopey. (Int -2) [an orb of fire]
 91763 | Zig:4    | Killed an orb of fire
 91770 | Zig:4    | Killed an orb of fire
 91781 | Zig:4    | Got a flickering tin ring
 91789 | Zig:5    | Entered Level 5 of a ziggurat
 91794 | Zig:5    | Found the +9 staff of Wucad Mu {channel}
 91797 | Zig:5    | Paralysed by a floating eye for 4 turns
 91836 | Zig:5    | Identified the ring "Muafup" {Fire rPois MR+ Dex-2} (You found it on level 4 of a ziggurat)
 91843 | Zig:6    | Entered Level 6 of a ziggurat
 91903 | Zig:6    | Identified the +7 scale mail "Reefe" {+Inv} (You found it on level 6 of a ziggurat)
 92015 | Zig:7    | Entered Level 7 of a ziggurat
 92105 | Zig:8    | Entered Level 8 of a ziggurat
 92158 | Zig:8    | Got a slimy glass ring
 92161 | Zig:8    | Identified the ring "Caepopn" {rPois rC- Int+3 SInv} (You found it on level 8 of a ziggurat)
 92167 | Zig:9    | Entered Level 9 of a ziggurat
 92228 | Zig:9    | Got a heavily runed turquoise ring
 92229 | Zig:9    | Identified the ring "Cuedus" {+Fly rN+ Dex+4} (You found it on level 9 of a ziggurat)
 92261 | Zig:9    | Identified the Almanac of Intoxication and Enchantment
 92268 | Zig:9    | Identified the +14 crystal plate armour of Midsummer {rCorr Dex+2} (You found it on level 9 of a ziggurat)
 92294 | Zig:10   | Entered Level 10 of a ziggurat
 92412 | Zig:10   | Identified the cursed ring "Bask" {+Fly Str-3 Stlth+} (You found it on level 10 of a ziggurat)
 92512 | Zig:11   | Entered Level 11 of a ziggurat
 92524 | Zig:11   | Noticed Aceepakh the pandemonium lord
 92555 | Zig:11   | HP: 10/249 [hellion/damnation (22)]
 93135 | Depths:3 | Learned a level 7 spell: Orb of Destruction
 93138 | Depths:3 | Upgraded the game from 0.22-b1-26-g9dbaab1112 to 0.22.0
 93397 | Elf:1    | Got a pair of ichor-stained gloves
 93695 | Depths:4 | Identified the +1 pair of gloves of Afat Dai {+Inv Str+6} (You found it on level 1 of the Elven Halls)
 93731 | Depths:4 | Learned a level 6 spell: Iron Shot
 93740 | Depths:4 | Learned a level 8 spell: Ignition
 94575 | Zot:4    | Learned a level 7 spell: Ring of Flames
 94953 | Zot:5    | Entered Level 5 of the Realm of Zot
 95134 | Zot:5    | Noticed an ancient lich
 95141 | Zot:5    | Killed an ancient lich
 95331 | Zot:5    | Noticed an ancient lich
 95337 | Zot:5    | Noticed an orb of fire
 95340 | Zot:5    | Gained mutation: You occasionally shout uncontrollably at your foes. [an orb of fire]
 95341 | Zot:5    | Gained mutation: You sometimes yell uncontrollably at your foes. [an orb of fire]
 95341 | Zot:5    | Gained mutation: Your body sometimes deteriorates upon taking damage. [an orb of fire]
 95348 | Zot:5    | Gained mutation: You are resistant to hostile enchantments. (MR+) [an orb of fire]
 95350 | Zot:5    | Killed an orb of fire
 95354 | Zot:5    | Killed an ancient lich
 95813 | Zot:5    | Noticed an ancient lich
 95828 | Zot:5    | Killed an ancient lich
 95841 | Zot:5    | Noticed an orb of fire
 95849 | Zot:5    | Killed an orb of fire
 95881 | Zot:5    | Noticed an ancient lich
 95889 | Zot:5    | Killed an ancient lich
 95980 | Zot:5    | Noticed an ancient lich
 95995 | Zot:5    | Killed an ancient lich
 96007 | Zot:5    | Lost mutation: Your body sometimes deteriorates upon taking damage. [potion of mutation]
 96007 | Zot:5    | Lost mutation: You are dopey. (Int -2) [potion of mutation]
 96007 | Zot:5    | Lost mutation: You sometimes yell uncontrollably at your foes. [potion of mutation]
 96007 | Zot:5    | Gained mutation: You can translocate small distances at will. [potion of mutation]
 96007 | Zot:5    | Gained mutation: You are somewhat resistant to further mutation. [potion of mutation]
 96021 | Zot:5    | Noticed an ancient lich
 96027 | Zot:5    | Killed an ancient lich
 96129 | Depths:5 | Learned a level 9 spell: Fire Storm
 96588 | Tomb:1   | Entered Level 1 of the Tomb of the Ancients
 96971 | Tomb:1   | Noticed a greater mummy
 96971 | Tomb:1   | Noticed a greater mummy
 96992 | Tomb:1   | Killed a greater mummy
 96995 | Tomb:1   | Killed a greater mummy
 97759 | Vaults:3 | Bought a manual of Conjurations for 3422 gold pieces
 97759 | Vaults:3 | Bought a scroll of brand weapon for 620 gold pieces
 98036 | Hell     | Entered the Vestibule of Hell
 98036 | Hell     | Noticed Geryon
 98070 | Hell     | Killed Geryon
 98137 | Hell     | Found a gateway to the ashen valley of Gehenna.
 98215 | Hell     | Found a gateway to the decaying netherworld of Tartarus.
 98347 | Hell     | Found a gateway to the Iron City of Dis.
 98432 | Hell     | Found a gateway to the freezing wastes of Cocytus.
 98530 | Geh:1    | Entered Level 1 of Gehenna
 99053 | Geh:4    | You fall through a shaft!
 99158 | Geh:7    | Entered Level 7 of Gehenna
 99285 | Geh:7    | Reached skill level 27 in Conjurations
 99641 | Geh:7    | Noticed Asmodeus
 99657 | Geh:7    | HP: 11/247 [hellion/damnation[Asmodeus] (24)]
 99658 | Geh:7    | Killed from afar by a hellion

Skill      XL: |  1  2  3  4  5  6  7  8  9 10 11 12 13 14 15 16 17 18 19 20 21 22 23 24 25 26 27 |
---------------+----------------------------------------------------------------------------------+-----
Axes           | 2 3 4 6 7 9 11 13 14 16 18 19 20 21 22 27 | 27.0
Armour         | 3 4 5 6 7 8 10 11 13 14 15 17 19 26 | 26.2
Fighting       | 4 6 7 8 9 10 12 13 14 15 18 19 21 27 | 27.0
Shields        | 3 4 8 14 15 | 15.0
Dodging        | 3 6 7 15 | 15.1
Invocations    | 2 8 10 | 10.0
Spellcasting   | 12 17 18 23 | 23.6
Charms         | 7 |  7.7
Translocations | 5 9 |  9.2
Air Magic      | 2 |  2.4
Necromancy     | 5 |  5.0
Conjurations   | 27 | 27.0
Earth Magic    | 3 |  3.9
Evocations     | 13 | 13.9
Hexes          | 10 | 10.2
Fire Magic     | 20 | 20.5

Action                   |  1- 3 |  4- 6 |  7- 9 | 10-12 | 13-15 | 16-18 | 19-21 | 22-24 | 25-27 || total
-------------------------+-------+-------+-------+-------+-------+-------+-------+-------+-------++-------
Melee: War axe           |   125 |   210 |   373 |   704 |    32 |       |       |       |       ||  1444
       Unarmed           |       |    16 |       |       |       |       |       |       |       ||    16
       Broad axe         |       |       |       |   168 |  1392 |  1884 |  1779 |  1910 |  9563 || 16696
       Executioner's axe |       |       |       |       |       |       |       |       |   739 ||   739
 Cast: Regeneration      |       |       |       |       |       |       |       |       |    39 ||    39
       Iron Shot         |       |       |       |       |       |       |       |       |     9 ||     9
       Blink             |       |       |       |       |       |       |       |       |     2 ||     2
       Orb of Destructio |       |       |       |       |       |       |       |       |     2 ||     2
 Abil: Hurl Damnation    |       |       |       |       |       |       |       |       |     1 ||     1
Evoke: Wand              |       |       |    12 |    20 |     7 |     4 |     1 |     8 |    17 ||    69
       Phantom mirror    |       |       |       |       |     1 |       |       |       |       ||     1
       Lamp of fire      |       |       |       |       |       |       |       |     1 |     9 ||    10
       Phial of floods   |       |       |       |       |       |       |       |       |     1 ||     1
       Figurine of a zig |       |       |       |       |       |       |       |       |     1 ||     1
  Use: Scroll            |     9 |     8 |     5 |     5 |    19 |    24 |     5 |    20 |   147 ||   242
       Potion            |     1 |     3 |       |     1 |    10 |     4 |     3 |     5 |    87 ||   114
 Stab: Paralysed         |       |       |    11 |       |       |       |       |       |       ||    11
       Distracted        |       |       |     2 |     5 |    16 |     6 |    16 |    11 |    78 ||   134
       Invisible         |       |       |       |       |    10 |       |       |     7 |     7 ||    24
       Held in net/web   |       |       |       |       |       |     1 |       |       |       ||     1
       Confused          |       |       |       |       |       |       |       |       |     3 ||     3
  Eat: Chunk             |     3 |     7 |     8 |    19 |    23 |    20 |    19 |    13 |    22 ||   134
       Ration            |       |       |     1 |     2 |     4 |     3 |     2 |     7 |    41 ||    60
Armor: Scale mail        |   126 |   144 |   195 |   190 |       |       |       |       |       ||   655
       Chain mail        |       |       |       |   130 |   184 |   750 |   717 |   853 |  3351 ||  5985
       Plate armour      |       |       |       |       |   566 |   370 |       |       |       ||   936
       Pearl dragon scal |       |       |       |       |       |       |       |       |  1075 ||  1075
       Crystal plate arm |       |       |       |       |       |       |       |       |   491 ||   491
Dodge: Dodged            |    80 |   152 |   229 |   369 |   489 |   690 |   703 |   714 |  5753 ||  9179
       Deflected         |       |       |       |     2 |    15 |       |       |       |       ||    17
Block: Buckler           |       |       |       |   130 |   397 |   811 |   690 |   508 |       ||  2536
       Reflection        |       |       |       |       |       |    43 |    68 |    33 |   236 ||   380
       Shield            |       |       |       |       |       |       |       |   461 |  8963 ||  9424
       Other             |       |       |       |       |       |       |       |       |    87 ||    87
